Workbook

Sheet Outline - Youth Elderly
A1: OUTLINE OF YOUTH/ELDERLY QUESTIONNAIRES
A3: Male Enumerator | L3: In Female | M3: In Widow | N3: In Elderly | O3: In Youth
A5: PART A: | C5: Enumerator Observations Prior to Permissions
H6: 1 | J6: Household Identification | L6: Yes | M6: Yes | N6: Yes | O6: Yes
A8: PART B1: | C8: Introduction and Permissions
J9: Introduction | L9: Yes | M9: Yes | N9: Yes | O9: Yes
J10: Permissions | L10: Yes | M10: Yes | N10: Yes | O10: Yes
A12: PART B2: | C12: Household Roster and Selection of Respondents
J13: Household Member Roster | L13: Yes | M13: Yes | N13: Yes | O13: Yes
A15: PART C: | C15: Household Basic Characteristics:
J16: How long respondent in aldeia | L16: Yes | M16: Yes | N16: Yes | O16: Yes
A18: PART F: | C18: Projects and Community
J19: Involvement in Community Work | L19: No | M19: Yes | N19: Yes | O19: Yes
J20: Preferences for Local Development Projects | L20: Yes | M20: Yes | N20: Yes | O20: Yes
A21: PART G | C21: Decision-Making and Governance
H22: n | J22: Who are the Influential People in Suku and Aldeia Decision-Making | L22: Yes | M22: Yes | N22: Yes | O22: Yes
H23: y | J23: Involvement in Community Decisions | L23: Yes | M23: Yes | N23: Yes | O23: Yes
H24: y | J24: Perceptions of Governance and Voicing Concerns | L24: Yes | M24: Yes | N24: Yes | O24: Yes
D25: yes for preferences | H25: y | J25: Political Participation and Preferences for Decentralisation | L25: Yes | M25: Yes | N25: Yes | O25: Yes
A27: PART H: | C27: Cohesion
H28: y | J28: Crime, Conflict and Dispute Resolution | L28: Yes | M28: Yes | N28: Yes | O28: Yes
H29: maybe | J29: Trust | L29: Yes | M29: Yes | N29: Yes | O29: Yes
C30: yes for youth no for elderly | H30: y | J30: Attitudes towards Gender Roles | L30: Yes | M30: Yes | N30: Yes | O30: Yes
A32: PART I: | C32: Subjective Wellbeing and Satisfaction with Public Services
H33: maybe | J33: Subjective Wellbeing | L33: Yes | M33: Yes | N33: Yes | O33: Yes
H34: maybe | J34: Satisfaction with Public Services, Perceptions of Change over Time | L34: Yes | M34: Yes | N34: Yes | O34: Yes
A36: PART J: | C36: Information, Social and Human Capital
E37: maybe | J37: Sources of Information | L37: Yes | M37: Yes | N37: Yes | O37: Yes
E38: maybe | J38: Participation in Groups and Organisations | L38: Yes | M38: Yes | N38: Yes | O38: Yes
E39: yes for youth | J39: Education | L39: Yes | M39: Yes | N39: Yes | O39: Yes
E40: yes for youth | J40: Literacy

Sheet A
A1: PART A IDENTIFICATION
A2: Question ID | B2: Question or Response | C2: Question Completion Method | E2: Response Display Format | F2: Data Format | G2: Lower Bound | H2: Upper Bound | I2: Conditional Question | J2: Display Text | L2: Translation | N2: Chronology | O2: Unique ID | P2: Constraint | Q2: Required
A4: YA1 | B4: Question | C4: Enumerator completes | E4: Numerical response (insert) | F4: XX | I4: Unconditional | J4: Enumerator ID Code | L4: Kodiku identidade ema nebe entrevista | N4: NA | O4: H1.5 | Q4: Yes
A5: YA2 | B5: Question | C5: Enumerator completes | E5: Category option | F5: Text | I5: Unconditional | J5: District Name | L5: Naran Distritu | O5: XA1.6 | Q5: Yes
A6: YA3 | B6: Question | C6: Enumerator completes | E6: Category option | F6: Text | I6: Unconditional | J6: Sub-District Name | L6: Naran subdistritu | O6: XA1.8 | Q6: Yes
A7: YA4 | B7: Question | C7: Enumerator completes | E7: Category option | F7: Text | I7: Unconditional | J7: Suco Name | L7: Naran suku | O7: XA1.10 | Q7: Yes
A8: YA5 | B8: Question | C8: Enumerator completes | E8: Category option | F8: Text | I8: Unconditional | J8: Aldeia Name | L8: Naran aldeia | O8: XA1.12 | Q8: Yes
A9: YA6 | B9: Question | C9: Enumerator completes | E9: Numerical response (insert) | F9: XX | I9: Unconditional | J9: Household number | L9: Numeru uma kain | O9: XA1.6 | Q9: Yes
A10: YA7 | B10: Question | C10: Enumerator completes | E10: Text response | F10: Text | I10: Unconditional | J10: Name of Household Head | L10: Naran xefe uma-kain | O10: XA1.6 | Q10: Yes

Sheet B
A1: PART B: HOUSEHOLD ROSTER
A2: New ID | B2: Response ID | C2: Question or Response | D2: Required | E2: Question Completion Method | F2: Response Display Format | G2: Data Format | H2: Lower Bound | I2: Upper Bound | J2: Display Text | L2: Tetun | N2: Chronology
A3: YB0.00 | C3: Question | D3: Yes | E3: Enumerator completes | F3: Category option | J3: [Was respondent present for original consent?]
B4: H1.01.a | C4: =VLOOKUP($B4,[1]Codes!$A$1:$K$65536,2,FALSE) -> Response | F4: =VLOOKUP($B4,[1]Codes!$A$1:$K$65536,4,FALSE) -> Category option | G4: =VLOOKUP($B4,[1]Codes!$A$1:$K$65536,5,FALSE) -> 0 | K4: No | M4: Lae | N4: =A6 -> YB1.00
B5: H1.01.b | C5: =VLOOKUP($B5,[1]Codes!$A$1:$K$65536,2,FALSE) -> Response | F5: =VLOOKUP($B5,[1]Codes!$A$1:$K$65536,4,FALSE) -> Category option | G5: =VLOOKUP($B5,[1]Codes!$A$1:$K$65536,5,FALSE) -> 1 | K5: Yes | M5: Sim | N5: =A7 -> YB1.02
A6: YB1.00 | C6: Intermediary | J6: [Greetings] My name is {your name} and this is {pair's name}, we are working for IOB, a university in Dili. We have authorisation from the Ministry of State Administration to conduct interviews with people in this suku in order to find out about the current situation and how it is changing over time, and your household has been selected. We would like to ask you some questions about you and public work in the aldeia. The interview will last about 25 minutes in total. All your answers will be confidential, and we will not share your name and any information you provide to us during the interview with anyone inside the aldeia or outside of the aldeia. If you are not comfortable with some questions, you can refuse to answer. Your answers to the questions will not be used for anything except understanding the situation - nobody in your suku, your aldeia or your family will receive any assistance or government compensation as a result of the answers that you give. We just want to know the real situation in this aldeia. There are no right or wrong answers, just truthful ones. Please do not give me the answers that you think I want to hear, but just tell me the true and real answers. | L6: [Kumprimentus] Hau nia naran {ita nia naran} no ne'e {naran maluk nian}, ami serbisu ba Universidade IOB iha Dili. Ami serbisu hamutuk ho Ministerio Estatal Administrasaun. Ami mai halo intervista ho ema sira iha suku ne'e atu buka hatene barak liu konaba oin sa situasaun muda husi tempu ba tempu. Atu bele hetan informasaun ne'e, ami hakarak husu peguntas balun ba ita no ba membru balun iha ita nia uma-kain nian konaba ita no situasaun iha aldeia ne'e. Informasaun sira ne'e sei bele ajuda Governu bainhira planu no implementa programa iha area rurais. Entrevista ne'e sei dura hamutuk besik oras ida. Ami hakarak fo hanoin ba ita katak ita nia resposta hotu ne'e segredu no ami sei la fo sai ita nia naran bainhira halo relatorio kona ba peskiza ne'e. Karik ita sinti la diak ho pergunta balun, ita la presiza hataan no/ka karik ita lakohi kontinua ho entrevista ne'e, ita bele para. Resposta sira nebee ita fo ba pergunta sira ne'e sei la fo impaktu ruma ba ita nia familia ka ita nia aldeia. Laiha resposta mak loos ou salah- nebe ami presiza deit atu hatene saida mak ita nia hanoin kona ba situasaun iha ita nian moris no aldeia ou suku laran.
A7: YB1.02 | C7: Question | D7: Yes | E7: Read question | F7: Category option | J7: Do you agree to participate in this interview? | L7: Ita bot aseita atu partisipa iha intervista ida ne?
B8: H1.01.a | C8: =VLOOKUP($B8,[1]Codes!$A$1:$K$65536,2,FALSE) -> Response | F8: =VLOOKUP($B8,[1]Codes!$A$1:$K$65536,4,FALSE) -> Category option | G8: =VLOOKUP($B8,[1]Codes!$A$1:$K$65536,5,FALSE) -> 0 | K8: No | M8: Lae | N8: =A10 -> YB1.02x
B9: H1.01.b | C9: =VLOOKUP($B9,[1]Codes!$A$1:$K$65536,2,FALSE) -> Response | F9: =VLOOKUP($B9,[1]Codes!$A$1:$K$65536,4,FALSE) -> Category option | G9: =VLOOKUP($B9,[1]Codes!$A$1:$K$65536,5,FALSE) -> 1 | K9: Yes | M9: Sim | N9: =A21 -> YB2.04
A10: YB1.02x | C10: Question | E10: Read question | F10: Category - choose one | J10: Could you tell me why you do not want to participate? | L10: Favor bele fo hatete mai hau tansa mak ita la hakarak partisipa?
C11: Response | E11: Don't read option | K11: I don't have time / I have work to do | M11: Laiha tempo / tenke serviso | N11: =A16 -> YB1.03
C12: Response | E12: Don't read option | K12: I don't like to participate in this survey | M12: Hau la koi partisipata iha survey ida ne'e | N12: =A20 -> YB1.05
C13: Response | E13: Don't read option | K13: Other (specify) | M13: Seluk (spesifika) | N13: =A15 -> YB1.02y
C14: Response | E14: Don't read option | K14: Refuse to answer | M14: La koi fo resposta | N14: =A20 -> YB1.05
A15: YB1.02y | C15: Question | E15: Enumerator completes | F15: Category - insert text | J15: [Specify other reason] | L15: [Spesifika razaun seluk] | N15: =A20 -> YB1.05
A16: YB1.03 | C16: Question | E16: Read question | F16: Category - insert text or choose option | J16: When would be a good time for us to come back? | L16: Wainhira mak ami bele fila fali?
C17: Response | E17: Don't read option | F17: Insert text | K17: [insert text] | N17: =A19 -> YB1.04
C18: Response | E18: Don't read option | F18: Category option | K18: Refuse to answer / want to stop | M18: La koi | N18: =A20 -> YB1.05
A19: YB1.04 | C19: Intermediary | J19: [PAUSE INTERVIEW AND RETURN AT SUITABLE TIME] | L19: [PAUZA INTERVISTA NO MAI FALI TEMPU SELUK]
A20: YB1.05 | C20: Intermediary | J20: End interview
A21: YB2.04 | C21: Question | D21: Yes | E21: Read question | F21: Text response | G21: Text | J21: What is your name? | L21: Ita-boot nia naran saida? | N21: =A22 -> YB2.11
A22: YB2.11 | C22: Question | D22: Yes | E22: Enumerator completes | F22: Category - choose one | G22: Code | J22: [Is the respondent female or male?] | L22: [Respondente ne'e feto ou mane?]
B23: H2.11.a | C23: =VLOOKUP($B23,[1]Codes!$A$1:$K$65536,2,FALSE) -> Response | F23: =VLOOKUP($B23,[1]Codes!$A$1:$K$65536,4,FALSE) -> Category option | G23: =VLOOKUP($B23,[1]Codes!$A$1:$K$65536,5,FALSE) -> 0 | K23: Female | M23: Feto | N23: =A25 -> YB2.30
B24: H2.11.b | C24: =VLOOKUP($B24,[1]Codes!$A$1:$K$65536,2,FALSE) -> Response | F24: =VLOOKUP($B24,[1]Codes!$A$1:$K$65536,4,FALSE) -> Category option | G24: =VLOOKUP($B24,[1]Codes!$A$1:$K$65536,5,FALSE) -> 1 | K24: Male | M24: Mane | N24: =A25 -> YB2.30
A25: YB2.30 | C25: Question | D25: Yes | E25: Read question | F25: Numeric response | G25: XXX | H25: 1 | I25: 110 | J25: How old are you? [in years] | L25: Ita-boot tinan /idade hira? [tinan] | N25: next section
B26: H2.30.c | C26: =VLOOKUP($B26,[1]Codes!$A$1:$K$65536,2,FALSE) -> Response | F26: =VLOOKUP($B26,[1]Codes!$A$1:$K$65536,4,FALSE) -> Category option | G26: =VLOOKUP($B26,[1]Codes!$A$1:$K$65536,5,FALSE) -> 994 | K26: Don't know - try year of birth instead | M26: La hatene - koko tok data moris | N26: =A27 -> YB2.32
A27: YB2.32 | C27: Question | D27: Yes | E27: Read question | F27: Numeric response | G27: XXXX | J27: Do you know your year of birth? | L27: Ita-boot hatene ita nia tinan moris? | N27: next section
B28: H1.01.d | C28: =VLOOKUP($B28,[1]Codes!$A$1:$K$65536,2,FALSE) -> Response | F28: =VLOOKUP($B28,[1]Codes!$A$1:$K$65536,4,FALSE) -> Category option | G28: =VLOOKUP($B28,[1]Codes!$A$1:$K$65536,5,FALSE) -> 998 | K28: Don't know | M28: La hatene | N28: next section
A41: begin group

Sheet C
A1: PART C (NOTE:Not for printing)
A2: New ID | B2: Response ID | C2: Question or Response | D2: Question Completion Method | E2: Response Display Format | F2: Data Format | G2: Lower Bound | H2: Upper Bound | I2: Switching | J2: Image | K2: Display Text | M2: Translation | O2: Chronology
A4: C1.02 | C4: Question | D4: Read question | E4: Category - choose one | F4: Code | K4: Since when have you lived in this aldeia? | M4: Dezde ita bot hela iha aldeia ida ne'e? | O4: next section
C5: Response | E5: Category option | L5: Before the Japanese came (1942) | N5: Antes Japaun tama (antes 1942)
C6: Response | E6: Category option | L6: Portuguese time, but after the Japanese came (1945-1975) | N6: Tempo Portuguese, maibe depois Japaun tama (1942-1975)
C7: Response | E7: Category option | L7: Indonesian time (1975-1999) | N7: Tempo Indonezia (1975-1999)
C8: Response | E8: Category option | L8: After the referendum, but before the 2006 violence (1999-2006) | N8: Antes referendum, maibe depois violensia iha 2006 (1999-2006)
C9: Response | E9: Category option | L9: After the 2006 violence | N9: Depois violensia iha 2006

Sheet F
A1: PART C + F
A2: New ID | B2: Response ID | C2: Question or Response | D2: Question Completion Method | E2: Response Display Format | F2: Data Format | G2: Lower Bound | H2: Upper Bound | I2: Switching | J2: Image | K2: Display Text | M2: Translation | O2: Chronology
A3: Involvement in Community Work
A4: C1.02 | C4: Question | D4: Read question | E4: Category - choose one | F4: Code | K4: Since when have you lived in this aldeia? | M4: Dezde ita bot hela iha aldeia ida ne'e? | O4: =A10 -> F.01
C5: Response | E5: Category option | L5: Before the Japanese came (1942) | N5: Antes Japaun tama (antes 1942)
C6: Response | E6: Category option | L6: Portuguese time, but after the Japanese came (1945-1975) | N6: Tempo Portuguese, maibe depois Japaun tama (1942-1975)
C7: Response | E7: Category option | L7: Indonesian time (1975-1999) | N7: Tempo Indonezia (1975-1999)
C8: Response | E8: Category option | L8: After the referendum, but before the 2006 violence (1999-2006) | N8: Antes referendum, maibe depois violensia iha 2006 (1999-2006)
C9: Response | E9: Category option | L9: After the 2006 violence | N9: Depois violensia iha 2006
A10: F.01 | C10: Question | D10: Read question | E10: Category - choose one | F10: Code | K10: In the last 12 months, have you been involved in a community construction project in this aldeia without any monetary payment? | M10: Iha fulan 12 liu ba, ita boot partisipa ona iha serbisu konstrusaun iha Aldeia ida nee, nebe mak la involve simu osan?
B11: H1.01.a | C11: Response | D11: Don't read option | E11: Category option | F11: =VLOOKUP($B11,[2]Codes!$A$1:$K$65536,5,FALSE) -> 0 | L11: No | N11: Lae | O11: =A87 -> F.11
B12: H1.01.b | C12: Response | D12: Don't read option | E12: Category option | F12: =VLOOKUP($B12,[2]Codes!$A$1:$K$65536,5,FALSE) -> 1 | L12: Yes | N12: Sim | O12: =A15 -> F.02
B13: H1.01.d | C13: Response | D13: Don't read option | E13: Category option | F13: =VLOOKUP($B13,[2]Codes!$A$1:$K$65536,5,FALSE) -> 98 | L13: Don't know | N13: La hatene | O13: =A87 -> F.11
B14: H1.01.e | C14: Response | D14: Don't read option | E14: Category option | F14: =VLOOKUP($B14,[2]Codes!$A$1:$K$65536,5,FALSE) -> 99 | L14: Refused to answer | N14: Lakohi fo resposta | O14: =A87 -> F.11
A15: F.02 | C15: Response | D15: Read question | E15: Numeric response | F15: Code | K15: How many projects have you been involved in without any monetary payment in the last 12 months? | M15: Projetu hira mak ita boot involve ona maibe la simu osan iha fulan 12 liu ba? | O15: =A17 -> F.03
C16: Response | D16: Enumerator completes | E16: Insert number
A17: F.03 | C17: Question | D17: Read question | E17: Category - choose all but up to 3 projects | F17: Code | K17: What was the project building or repairing? | M17: Saida mak projetu ne'e hari'i ka hadi'a?
B18: MC12.41.a | C18: Response | D18: Don't read option | E18: Category option | F18: =VLOOKUP($B18,[2]Codes!$A$1:$K$65536,5,FALSE) -> 1 | L18: School | N18: =VLOOKUP($B18,[2]Codes!$A$1:$K$65536,11,FALSE) -> Eskola | O18: =A35 -> F.04
B19: MC12.41.b | C19: Response | D19: Don't read option | E19: Category option | F19: =VLOOKUP($B19,[2]Codes!$A$1:$K$65536,5,FALSE) -> 2 | L19: Health centre | N19: =VLOOKUP($B19,[2]Codes!$A$1:$K$65536,11,FALSE) -> Sentru saúde | O19: =A35 -> F.04
B20: MC12.41.c | C20: Response | D20: Don't read option | E20: Category option | F20: =VLOOKUP($B20,[2]Codes!$A$1:$K$65536,5,FALSE) -> 3 | L20: Church or other religious building | N20: =VLOOKUP($B20,[2]Codes!$A$1:$K$65536,11,FALSE) -> Igreja ka edifísiu relijiozu seluk | O20: =A35 -> F.04
B21: MC12.41.d | C21: Response | D21: Don't read option | E21: Category option | F21: =VLOOKUP($B21,[2]Codes!$A$1:$K$65536,5,FALSE) -> 4 | L21: Sacred / cultural house | N21: =VLOOKUP($B21,[2]Codes!$A$1:$K$65536,11,FALSE) -> Uma lulik / uma lisan / uma adat | O21: =A35 -> F.04
B22: MC12.41.e | C22: Response | D22: Don't read option | E22: Category option | F22: =VLOOKUP($B22,[2]Codes!$A$1:$K$65536,5,FALSE) -> 5 | L22: Private house or other building | N22: Uma privadu ka edificiu seluk | O22: =A35 -> F.04
B23: MC12.41.f | C23: Response | D23: Don't read option | E23: Category option | F23: =VLOOKUP($B23,[2]Codes!$A$1:$K$65536,5,FALSE) -> 6 | L23: Market space | N23: Basar fatin | O23: =A35 -> F.04
B24: MC12.41.g | C24: Response | D24: Don't read option | E24: Category option | F24: =VLOOKUP($B24,[2]Codes!$A$1:$K$65536,5,FALSE) -> 7 | L24: Electricity supply / install solar panels | N24: =VLOOKUP($B24,[2]Codes!$A$1:$K$65536,11,FALSE) -> Fornesimentu eletrisidade / monta tenaga surya | O24: =A35 -> F.04
B25: MC12.41.h | C25: Response | D25: Don't read option | E25: Category option | F25: =VLOOKUP($B25,[2]Codes!$A$1:$K$65536,5,FALSE) -> 8 | L25: Road | N25: =VLOOKUP($B25,[2]Codes!$A$1:$K$65536,11,FALSE) -> Estrada | O25: =A35 -> F.04
B26: MC12.41.i | C26: Response | D26: Don't read option | E26: Category option | F26: =VLOOKUP($B26,[2]Codes!$A$1:$K$65536,5,FALSE) -> 9 | L26: Bridge | N26: =VLOOKUP($B26,[2]Codes!$A$1:$K$65536,11,FALSE) -> Ponte | O26: =A35 -> F.04
B27: MC12.41.j | C27: Response | D27: Don't read option | E27: Category option | F27: =VLOOKUP($B27,[2]Codes!$A$1:$K$65536,5,FALSE) -> 10 | L27: Canal, drainage or irrigation system | N27: Valeta, sistema irrigasaun ka drainajen | O27: =A35 -> F.04
B28: MC12.41.k | C28: Response | D28: Don't read option | E28: Category option | F28: =VLOOKUP($B28,[2]Codes!$A$1:$K$65536,5,FALSE) -> 11 | L28: Water supply - well, pipe, tap etc. | N28: Sistema bee - posu, kanu, torneiru, etc. | O28: =A35 -> F.04
B29: MC12.41.l | C29: Response | D29: Don't read option | E29: Category option | F29: =VLOOKUP($B29,[2]Codes!$A$1:$K$65536,5,FALSE) -> 12 | L29: Toilet | N29: Sintina | O29: =A35 -> F.04
B30: MC12.41.m | C30: Response | D30: Don't read option | E30: Category option | F30: =VLOOKUP($B30,[2]Codes!$A$1:$K$65536,5,FALSE) -> 13 | L30: Community hall or office | N30: Sede ka salaun komunitariu nian | O30: =A35 -> F.04
B31: MC12.41.n | C31: Response | D31: Don't read option | E31: Category option | F31: =VLOOKUP($B31,[2]Codes!$A$1:$K$65536,5,FALSE) -> 14 | L31: Oval or sporting facility | N31: =VLOOKUP($B31,[2]Codes!$A$1:$K$65536,11,FALSE) -> Kampu ka fasilidade desportu | O31: =A35 -> F.04
B32: H1.01.c | C32: Response | D32: Don't read option | E32: Category option | F32: =VLOOKUP($B32,[2]Codes!$A$1:$K$65536,5,FALSE) -> 97 | L32: Other (specify) | N32: =VLOOKUP($B32,[2]Codes!$A$1:$K$65536,11,FALSE) -> Seluk (spesifika) | O32: =A33 -> F.03x
A33: F.03x | C33: Question | D33: Enumerator completes | E33: Text response | F33: Text | K33: Specify other | M33: Seluk, Favor Spesifika | O33: =A35 -> F.04
A34: Repeat for each selected project - Maximum 3 projects
A35: F.04 | C35: Question | D35: Read question | E35: Category - choose all | F35: Code | K35: How were you involved in [Selected Project]? | M35: Ita boot nia envolvimentu iha projetu ne'e oinsá?
C36: Response | D36: Don't read option | E36: Category option | F36: X | L36: Planning or organising the project | N36: Halo planu ou organiza projeitu ne'e | O36: =A87 -> F.11
C37: Response | D37: Don't read option | E37: Category option | F37: X | L37: Providing advice or guidance | N37: Fo konselhu | O37: =A87 -> F.11
C38: Response | D38: Don't read option | E38: Category option | F38: X | L38: Providing goods, tools or materials | N38: Fó sasán, ekipamentu ka materiál | O38: =A87 -> F.11
C39: Response | D39: Don't read option | E39: Category option | F39: X | L39: Providing money | N39: Fó osan | O39: =A87 -> F.11
C40: Response | D40: Don't read option | E40: Category option | F40: X | L40: Give the land | N40: Fó rai | O40: =A87 -> F.11
C41: Response | D41: Don't read option | E41: Category option | F41: X | L41: Physical labour | N41: Halo serbisu | O41: =A87 -> F.11
B42: H1.01.c | C42: Response | D42: Don't read option | E42: Category option | F42: =VLOOKUP($B42,[2]Codes!$A$1:$K$65536,5,FALSE) -> 97 | L42: =VLOOKUP($B42,[2]Codes!$A$1:$K$65536,9,FALSE) -> Other (specify) | N42: Seluk (spesifika) | O42: =A44 -> F.04x
B43: H1.01.d | C43: Response | D43: Don't read option | E43: =VLOOKUP($B43,[2]Codes!$A$1:$K$65536,4,FALSE) -> Category option | F43: =VLOOKUP($B43,[2]Codes!$A$1:$K$65536,5,FALSE) -> 98 | L43: =VLOOKUP($B43,[2]Codes!$A$1:$K$65536,9,FALSE) -> Don't know | N43: =VLOOKUP($B43,[2]Codes!$A$1:$K$65536,11,FALSE) -> La hatene | O43: =A87 -> F.11
A44: F.04x | K44: Specify other | N44: Seluk, favor spesifica
A45: End repeat loop
A46: F.05 | C46: Question | D46: Read question | E46: Category - choose one | F46: Code | K46: Who use this facility? | M46: Sé mak uza fasilidade ne'e?
B47: MC12.43.a | C47: Response | D47: Don't read option | E47: Category option | F47: =VLOOKUP($B47,[2]Codes!$A$1:$K$65536,5,FALSE) -> 1 | L47: Privately used | N47: Ema privadu mak uza | O47: =A52 -> F.06
B48: MC12.43.b | C48: Response | D48: Don't read option | E48: Category option | F48: =VLOOKUP($B48,[2]Codes!$A$1:$K$65536,5,FALSE) -> 2 | L48: Used by some people / households | N48: Ema balu ka uma-kain balu mak uza | O48: =A52 -> F.06
C49: Response | D49: Don't read option | E49: Category option | L49: Used by public servants, doctors, nurses | N49: Funsionáriu sira, doutór sira, enfermeira sira mak uza | O49: =A52 -> F.06
B50: MC12.43.c | C50: Response | D50: Don't read option | E50: Category option | F50: =VLOOKUP($B50,[2]Codes!$A$1:$K$65536,5,FALSE) -> 3 | L50: Community / public | N50: Komunidade / públiku | O50: =A52 -> F.06
B51: H1.01.d | C51: Response | D51: Don't read option | E51: Category option | F51: =VLOOKUP($B51,[2]Codes!$A$1:$K$65536,5,FALSE) -> 98 | L51: Don't know | N51: La hatene | O51: =A52 -> F.06
A52: F.06 | C52: Question | D52: Read question | E52: Category - choose one | F52: Code | K52: Who funded the project? | M52: Sé mak selu projetu ne'e?
B53: MC12.45.a | C53: Response | D53: Don't read option | E53: Category option | F53: =VLOOKUP($B53,[2]Codes!$A$1:$K$65536,5,FALSE) -> 1 | L53: Community | N53: Komunidade | O53: =A63 -> F.07
B54: MC12.45.b | C54: Response | D54: Don't read option | E54: Category option | F54: =VLOOKUP($B54,[2]Codes!$A$1:$K$65536,5,FALSE) -> 2 | L54: Government or government ministries | N54: Governu ka ministériu sira governu nian | O54: =A63 -> F.07
B55: MC12.45.c | C55: Response | D55: Don't read option | E55: Category option | F55: =VLOOKUP($B55,[2]Codes!$A$1:$K$65536,5,FALSE) -> 3 | L55: Cooperative | N55: Kooperativa | O55: =A63 -> F.07
B56: MC12.45.d | C56: Response | D56: Don't read option | E56: Category option | F56: =VLOOKUP($B56,[2]Codes!$A$1:$K$65536,5,FALSE) -> 4 | L56: Development agency or Aid Program (USAID, AusAID, etc.) | N56: Ajénsia dezenvolvimentu (USAID, AusAID, no sst) | O56: =A63 -> F.07
B57: MC12.45.e | C57: Response | D57: Don't read option | E57: Category option | F57: =VLOOKUP($B57,[2]Codes!$A$1:$K$65536,5,FALSE) -> 5 | L57: NGO | N57: ONG | O57: =A63 -> F.07
B58: MC12.45.f | C58: Response | D58: Don't read option | E58: Category option | F58: =VLOOKUP($B58,[2]Codes!$A$1:$K$65536,5,FALSE) -> 6 | L58: Private company | N58: Kompanhia privadu | O58: =A63 -> F.07
B59: MC12.45.g | C59: Response | D59: Don't read option | E59: Category option | F59: =VLOOKUP($B59,[2]Codes!$A$1:$K$65536,5,FALSE) -> 7 | L59: Private individual | N59: Individu privadu | O59: =A63 -> F.07
B60: H1.01.c | C60: Response | D60: Don't read option | E60: Category option | F60: =VLOOKUP($B60,[2]Codes!$A$1:$K$65536,5,FALSE) -> 97 | L60: Other (specify) | N60: Seluk (spesifika) | O60: =A62 -> F.06x
B61: H1.01.d | C61: Response | D61: Don't read option | E61: Category option | F61: =VLOOKUP($B61,[2]Codes!$A$1:$K$65536,5,FALSE) -> 98 | L61: Don't know | N61: La hatene | O61: =A63 -> F.07
A62: F.06x | C62: Question | D62: Enumerator completes | E62: Text response | F62: Text | K62: Specify other funding body | M62: Espesifika sira seluk tan ne'ebé selu projetu ne'e | O62: =A63 -> F.07
A63: F.07 | C63: Question | D63: Read question | E63: Category - choose one | F63: Code | K63: Was any monetary payment promised for this work but not received? | M63: Serbisu ne'e promete atu selu ho osan, maibe to'o ikus osan ne'e la simu?
B64: H1.01.a | C64: Response | D64: Don't read option | E64: Category option | F64: =VLOOKUP($B64,[2]Codes!$A$1:$K$65536,5,FALSE) -> 0 | L64: =VLOOKUP($B64,[2]Codes!$A$1:$K$65536,9,FALSE) -> No | M64: Lae | O64: =A68 -> F.08
B65: H1.01.b | C65: Response | D65: Don't read option | E65: Category option | F65: =VLOOKUP($B65,[2]Codes!$A$1:$K$65536,5,FALSE) -> 1 | L65: =VLOOKUP($B65,[2]Codes!$A$1:$K$65536,9,FALSE) -> Yes | M65: Sim | O65: =A68 -> F.08
B66: H1.01.d | C66: Response | D66: Don't read option | E66: Category option | F66: =VLOOKUP($B66,[2]Codes!$A$1:$K$65536,5,FALSE) -> 98 | L66: =VLOOKUP($B66,[2]Codes!$A$1:$K$65536,9,FALSE) -> Don't know | M66: La hatene | O66: =A68 -> F.08
B67: H1.01.e | C67: Response | D67: Don't read option | E67: Category option | F67: =VLOOKUP($B67,[2]Codes!$A$1:$K$65536,5,FALSE) -> 99 | L67: =VLOOKUP($B67,[2]Codes!$A$1:$K$65536,9,FALSE) -> Refused to answer | M67: Lakohi fo resposta | O67: =A68 -> F.08
A68: F.08 | C68: Question | D68: Read question | E68: Category - choose one | F68: Code | K68: Did your household receive payment for this work in any other way, such as receiving food or animals? | M68: Ita nia uma-kain hetan selu ba servisu ne'e ho buat seluk hanesan hahan ou animal?
B69: H1.01.a | C69: Response | D69: Don't read option | E69: Category option | F69: =VLOOKUP($B69,[2]Codes!$A$1:$K$65536,5,FALSE) -> 0 | L69: No | M69: Lae | O69: =A75 -> F.09
B70: H1.01.b | C70: Response | D70: Don't read option | E70: Category option | F70: =VLOOKUP($B70,[2]Codes!$A$1:$K$65536,5,FALSE) -> 1 | L70: Yes | M70: Sim | O70: =A73 -> F.08x
B71: H1.01.d | C71: Response | D71: Don't read option | E71: Category option | F71: =VLOOKUP($B71,[2]Codes!$A$1:$K$65536,5,FALSE) -> 98 | L71: Don't know | M71: La hatene | O71: =A75 -> F.09
B72: H1.01.e | C72: Response | D72: Don't read option | E72: Category option | F72: =VLOOKUP($B72,[2]Codes!$A$1:$K$65536,5,FALSE) -> 99 | L72: Refused to answer | M72: Lakohi fo resposta | O72: =A75 -> F.09
A73: F.08x | C73: Question | D73: Read question | E73: Numeric response | F73: XXX.xx | K73: What is the value of the goods received? | M73: Sasan nebe simu ne'e, nia folin hira?
C74: Response | D74: Enumerator completes
A75: F.09 | C75: Question | D75: Read question | E75: Category - choose one | F75: Text | K75: To what extent do people in this aldeia participate in community construction project if it is unpaid - everyone, some, few, none? | M75: Partisipasaun oinsá husi ema sira iha aldeia ne'e ba projetu konstrusaun komunidade nian ne'ebé la involve simu osan? Hotu-hotu, balu, uitoan
C76: Response | D76: Don't read options | E76: Category option | L76: Everyone | N76: Ema hotu-hotu | O76: =A81 -> F.10
C77: Response | D77: Don't read options | E77: Category option | L77: Some | N77: Ema balu de'it | O77: =A81 -> F.10
C78: Response | D78: Don't read options | E78: Category option | L78: Few | N78: Ema uitoan de'it | O78: =A81 -> F.10
C79: Response | D79: Don't read options | E79: Category option | L79: None | N79: Laiha ema ida partisipa | O79: =A81 -> F.10
C80: Response | D80: Don't read options | L80: No such work | N80: Laiha servisu hanesan nee
A81: F.10 | C81: Question | D81: Enumerator completes | E81: Category -choose one | F81: Text | K81: To what extent do people in this aldeia participate in community construction project if it is paid- everyone, some, few, none? | M81: Partisipasaun oinsá husi ema sira iha aldeia ne'e ba projetu konstrusaun komunidade nian ne'ebé involve simu osan? Hotu-hotu, balu, uitoan
C82: Response | E82: Category option | L82: Everyone | N82: Ema hotu-hotu | O82: =A87 -> F.11
C83: Response | E83: Category option | L83: Some | N83: Ema balu de'it | O83: =A87 -> F.11
C84: Response | E84: Category option | L84: Few | N84: Ema uitoan de'it | O84: =A87 -> F.11
C85: Response | E85: Category option | L85: None | N85: Laiha ema ida partisipa | O85: =A87 -> F.11
L86: No such work | N86: Laiha servisu hanesan nee
A87: F.11 | C87: Question | D87: Read question | E87: Category - choose one | F87: Code | K87: In the past 12 months, have you attended any end of harvest celebrations in this suku? | M87: Iha fulan 12 liu ba Ita atende selebrasaun ruma kona-ba ramata koileta iha suku ida nee?
B88: H1.01.a | C88: Response | D88: Don't read option | E88: Category option | F88: =VLOOKUP($B88,[2]Codes!$A$1:$K$65536,5,FALSE) -> 0 | L88: No | N88: Lae | O88: =A92 -> F.12
B89: H1.01.b | C89: Response | D89: Don't read option | E89: Category option | F89: =VLOOKUP($B89,[2]Codes!$A$1:$K$65536,5,FALSE) -> 1 | L89: Yes | N89: Sim | O89: =A92 -> F.12
B90: H1.01.d | C90: Response | D90: Don't read option | E90: Category option | F90: =VLOOKUP($B90,[2]Codes!$A$1:$K$65536,5,FALSE) -> 98 | L90: Don't know | N90: La hatene | O90: =A92 -> F.12
B91: H1.01.e | C91: Response | D91: Don't read option | E91: Category option | F91: =VLOOKUP($B91,[2]Codes!$A$1:$K$65536,5,FALSE) -> 99 | L91: Refused to answer | N91: Lakohi fo resposta | O91: =A92 -> F.12
A92: F.12 | C92: Question | D92: Read question | E92: Category - choose one | F92: Code | K92: In the past 12 months, have you attended any traditional practice events in this suku? | M92: Iha fulan 12 liu ba, ita tuir seremonia tradisional iha suku ne'e?
B93: H1.01.a | C93: Response | D93: Don't read option | E93: Category option | F93: =VLOOKUP($B93,[2]Codes!$A$1:$K$65536,5,FALSE) -> 0 | L93: No | N93: Lae | O93: =A97 -> F.13
B94: H1.01.b | C94: Response | D94: Don't read option | E94: Category option | F94: =VLOOKUP($B94,[2]Codes!$A$1:$K$65536,5,FALSE) -> 1 | L94: Yes | N94: Sim | O94: =A97 -> F.13
B95: H1.01.d | C95: Response | D95: Don't read option | E95: Category option | F95: =VLOOKUP($B95,[2]Codes!$A$1:$K$65536,5,FALSE) -> 98 | L95: Don't know | N95: La hatene | O95: =A97 -> F.13
B96: H1.01.e | C96: Response | D96: Don't read option | E96: Category option | F96: =VLOOKUP($B96,[2]Codes!$A$1:$K$65536,5,FALSE) -> 99 | L96: Refused to answer | N96: Lakohi fo resposta | O96: =A97 -> F.13
A97: F.13 | C97: Question | D97: Read question | E97: Category - choose one | F97: Code | K97: In the past 12 months, have you attended any religious festivals in this suku? | M97: Iha fulan 12 liu ba, ita tuir ka partisipa iha selebrasaun relijiaun nian nebe halo iha suku ne'e?
B98: H1.01.a | C98: Response | D98: Don't read option | E98: Category option | F98: =VLOOKUP($B98,[2]Codes!$A$1:$K$65536,5,FALSE) -> 0 | L98: No | N98: Lae | O98: =A124 -> F16
B99: H1.01.b | C99: Response | D99: Don't read option | E99: Category option | F99: =VLOOKUP($B99,[2]Codes!$A$1:$K$65536,5,FALSE) -> 1 | L99: Yes | N99: Sim | O99: =A124 -> F16
B100: H1.01.d | C100: Response | D100: Don't read option | E100: Category option | F100: =VLOOKUP($B100,[2]Codes!$A$1:$K$65536,5,FALSE) -> 98 | L100: Don't know | N100: La hatene | O100: =A124 -> F16
...

Sheet G
A1: PART G - GOVERNANCE
A2: New ID | B2: Response ID | C2: Question or Response | D2: Question Completion Method | E2: Response Display Format | F2: Data Format | G2: Lower Bound | H2: Upper Bound | I2: Switching | J2: Image | K2: Display Text | M2: Translation | O2: Chronology
A3: Who are the Influential People?
A4: Decision 1: Deciding type of project
A5: G1.01 | C5: Question | D5: Read question | E5: Text response | F5: Text | K5: If the government gave money to Suku Council to repair something in this suku, who are the people who will be most involved in deciding what should be repaired? [select max 3] | M5: Karik governo fo osan ba Konsellu Suku atu hadia buat-ruma iha suku laran, se deit maka envolve liu hodi foti decizaun?
C6: Response | D6: Choose category - all | E6: Category option | F6: X | L6: Xefe Suku | N6: Xefe Suku | O6: =A13 -> G1.02
C7: Response | D7: Choose category - all | E7: Category option | F7: X | L7: Xefe Aldeia | N7: Xefe Aldeia | O7: =A13 -> G1.02
C8: Response | D8: Choose category - all | E8: Category option | F8: X | L8: Whole community | N8: Komunidade tomak | O8: =A13 -> G1.02
C9: Response | D9: Enumerator completes | E9: Text response | F9: Text | L9: {enter additional name 1} | N9: {hatam naran balun tan 1} | O9: =A19 -> G1.03
C10: Response | D10: Enumerator completes | E10: Text response | F10: Text | L10: {enter additional name 2} | N10: {hatam naran balun tan 2} | O10: =A19 -> G1.03
C11: Response | D11: Choose category - all | E11: Category option | F11: X | L11: Don't know | N11: La hatene | O11: next decision
A12: If answers 'whole community' without giving specific names:
A13: G1.02 | C13: Question | D13: Read question | E13: Text response | F13: Text | K13: Are there any community members in particular who would have an influence in the decision? | M13: Iha tan membru komunidade ruma nebe maka iha hotu influencia atu foti decizaun?
C14: Response | D14: Choose category - all | E14: Category option | F14: X | L14: No | N14: Lae | O14: =A66 -> G2.01
C15: Response | D15: Enumerator completes | E15: Text response | F15: Text | L15: {enter additional name 1} | N15: {hatama tan naran balu 1} | O15: =A19 -> G1.03
C16: Response | D16: Enumerator completes | E16: Text response | F16: Text | L16: {enter additional name 2} | N16: {hatama tan naran balu 2} | O16: =A19 -> G1.03
A17: End if
A18: For each of {name 1} and {name 2} if selected:
A19: G1.03 | C19: Question | D19: Read question | E19: Category - one | F19: Code | K19: Is {name} male or female? | M19: (Naran) Mane ka Feto?
C20: Response | D20: Choose category - all | E20: Category option | F20: X | L20: Male | N20: Mane | O20: =A22 -> G1.04
C21: Response | D21: Choose category - all | E21: Category option | F21: X | L21: Female | N21: Feto | O21: =A22 -> G1.04
A22: G1.04 | C22: Question | D22: Read question | E22: Category - All | F22: Code | K22: What is the position of {name}? | M22: (Naran) nia pozisaun saida?
C23: Response | E23: Category option | F23: X | L23: Catechist | N23: Katekista | O23: =A41 -> G1.05
C24: Response | E24: Category option | F24: X | L24: Priest / nun / bishop | N24: Padre / madre | O24: =A41 -> G1.05
C25: Response | E25: Category option | F25: X | L25: District adminstrator | N25: Administrador distrito | O25: =A41 -> G1.05
C26: Response | E26: Category option | F26: X | L26: Sub district adminstrator | N26: Administrador sub distrito | O26: =A41 -> G1.05
C27: Response | E27: Category option | F27: X | L27: Suku secretary | N27: Sekretari Suku | O27: =A41 -> G1.05
C28: Response | E28: Category option | F28: X | L28: Teacher | N28: Mestri/a | O28: =A41 -> G1.05
C29: Response | E29: Category option | F29: X | L29: Doctor / health worker | N29: Doutor/a / Enfermeiro/a | O29: =A41 -> G1.05
C30: Response | E30: Category option | F30: X | L30: Lia Nain | N30: Lia-nain | O30: =A41 -> G1.05
C31: Response | E31: Category option | F31: X | L31: Other traditional elder / leader | N31: Katuas ka Lia nain Suku sira | O31: =A41 -> G1.05
C32: Response | E32: Category option | F32: X | L32: Police | N32: Policia | O32: =A41 -> G1.05
C33: Response | E33: Category option | F33: X | L33: Community police | N33: Policia Komunitaria | O33: =A41 -> G1.05
C34: Response | E34: Category option | F34: X | L34: Youth leader | N34: Xefe Juventude | O34: =A41 -> G1.05
C35: Response | E35: Category option | F35: X | L35: Women's representative | N35: Reprezentante feto | O35: =A41 -> G1.05
C36: Response | E36: Category option | F36: X | L36: Member of other group or council | N36: Membro husi konsellu ka grupo seluk | O36: =A41 -> G1.05
C37: Response | E37: Category option | F37: X | L37: Businessman or woman | N37: Emprezariu/a | O37: =A41 -> G1.05
C38: Response | E38: Category option | F38: X | L38: Landowner | N38: Rai nain | O38: =A41 -> G1.05
C39: Response | E39: Category option | F39: X | L39: Other position | N39: Pozisaun seluk | O39: =A40 -> G1.04x
A40: G1.04x | C40: Question | D40: Enumerator completes | E40: Text response | F40: Text | K40: Specify other position | M40: Specifika tok pozisau seluk tan? | O40: =A41 -> G1.05
A41: G1.05 | C41: Question | D41: Read question | E41: Category - one | F41: Code | K41: Where does {name} live?; In this aldeia, another aldeia in this suku or another suku? | M41: (Naran) hela iha nebe? Iha aldeia ida ne, aldeia seluk iha suku ida ne ka suku seluk?
C42: Response | D42: Choose category - all | E42: Category option | F42: X | L42: This aldeia | N42: Aldeia ida ne | O42: =A50 -> G1.10
C43: Response | D43: Choose category - all | E43: Category option | F43: X | L43: Another aldeia in this suku | N43: Aldeia seluk husi suku ida ne | O43: =A50 -> G1.10
C44: Response | D44: Choose category - all | E44: Category option | F44: X | L44: Another suku in this subdistrict | N44: Suku seluk iha sub distrito ida ne | O44: =A50 -> G1.10
C45: Response | D45: Choose category - all | E45: Category option | F45: X | L45: Another subdistrict in this district | N45: Sub-distrito seluk iha distrito ida ne | O45: =A50 -> G1.10
C46: Response | D46: Choose category - all | E46: Category option | F46: X | L46: Another district | N46: Distrito Seluk | O46: =A50 -> G1.10
C47: Response | D47: Choose category - all | E47: Category option | F47: X | L47: Don't know | N47: La hatene | O47: =A50 -> G1.10
A48: End for
A49: If number of 'people' selected >1:
A50: G1.10 | C50: Intermediary | K50: Now I would like to know how much involvement these people would have in deciding the type of project: | M50: Tuir mai hau hakarak hatene ema sira ne nia envolvimentu wainhira foti decizaun ba projektu ruma ne oinsa. | O50: =A53 -> G1.11
A51: For each of the (max) 3 'people' indicated in 1.01/1.02:
A52: Present as table: question on rows; radio button options on columns
A53: G1.11 | C53: Question | D53: Read question | E53: Category - choose one | F53: Code | K53: Would {person} have a lot or a little involvement? | M53: (Naran) nia envolvimentu makas ka ituan deit?
C54: Response | E54: Category option | F54: X | L54: A lot | N54: Makas | O54: =A58 -> G1.20
C55: Response | E55: Category option | F55: X | L55: A little | N55: Ituan | O55: =A58 -> G1.20
C56: Response | E56: Category option | F56: X | L56: Don’t know | N56: La hatene | O56: =A58 -> G1.20
A58: G1.20 | C58: Question | D58: Read question | E58: Category - choose one | F58: Code | K58: When making decisions for the suku, do {person 1}, {person 2} and {person 3} agree with each other always, sometimes or never? | M58: Wainhira foti decizaun ruma ba suku ne, (naran 1), (naran 2) no (naran 3) sempre konkorda ba malu ka dala ruma deit ou nunka?
C59: Response | E59: Category option | F59: X | L59: Always | N59: Sempre | O59: =A66 -> G2.01
C60: Response | E60: Category option | F60: X | L60: Sometimes | N60: Dala ruma deit | O60: =A66 -> G2.01
C61: Response | E61: Category option | F61: X | L61: Never | N61: Nunka | O61: =A66 -> G2.01
C62: Response | E62: Category option | F62: X | L62: Not applicable | N62: La aplika | O62: =A66 -> G2.01
C63: Response | E63: Category option | F63: X | L63: Don’t know | N63: La hatene | O63: =A66 -> G2.01
A64: End if
A65: Decision 2: Deciding allocation of labour
A66: G2.01 | C66: Question | D66: Read question | E66: Text response | F66: Text | K66: If there is a government project to repair roads in this suku, who are the people who will be most involved in deciding who works on the roads? [select max 3] | M66: Se karik iha projektu husi governu atu hadia estrada ruma iha suku ne, se deit maka sei envolve-an liu hodi decide kona ba se maka sei servisu iha projektu estrada ne?
C67: Response | D67: Choose category - all | E67: Category option | F67: X | K67: If there is a government project to repair roads in this suku, who are the people who will be most involved in deciding who works on the roads? [select max 3] | L67: Xefe Suku | N67: Xefe Suku | O67: =A76 -> G2.02
C68: Response | D68: Choose category - all | E68: Category option | F68: X | K68: If there is a government project to repair roads in this suku, who are the people who will be most involved in deciding who works on the roads? [select max 3] | L68: Xefe Aldeia | N68: Xefe Aldeia | O68: =A76 -> G2.02
C69: Response | D69: Choose category - all | E69: Category option | F69: X | K69: If there is a government project to repair roads in this suku, who are the people who will be most involved in deciding who works on the roads? [select max 3] | L69: Whole community | N69: Komunidade tomak | O69: =A76 -> G2.02
C70: Response | D70: Enumerator completes | E70: Text response | F70: Text | K70: If there is a government project to repair roads in this suku, who are the people who will be most involved in deciding who works on the roads? [select max 3] | L70: {name 1 from G1.01/G1.02} | N70: Naran 1 husi G1.01/G1.02)
C71: Response | D71: Enumerator completes | E71: Text response | F71: Text | K71: If there is a government project to repair roads in this suku, who are the people who will be most involved in deciding who works on the roads? [select max 3] | L71: {name 2 from G1.01/G1.02} | N71: Naran 2 husi G1.01/G1.02)
C72: Response | D72: Enumerator completes | E72: Text response | F72: Text | K72: If there is a government project to repair roads in this suku, who are the people who will be most involved in deciding who works on the roads? [select max 3] | L72: {enter additional name 3} | N72: (Hatama tan naran seluk ruma) | O72: =A81 -> G2.03
C73: Response | D73: Choose category - all | E73: Category option | F73: X | K73: If there is a government project to repair roads in this suku, who are the people who will be most involved in deciding who works on the roads? [select max 3] | L73: Don't know | N73: La hatene | O73: next decision
C74: Response | D74: Choose category - all | E74: Category option | F74: X | K74: If there is a government project to repair roads in this suku, who are the people who will be most involved in deciding who works on the roads? [select max 3] | L74: Don't know | N74: La hatene | O74: next decision
A75: If answers 'whole community' without giving specific names, probe with:
A76: G2.02 | C76: Question | D76: Read question | E76: Text response | F76: Text | K76: Are there any community members in particular who would have an influence in the decision? | M76: Iha membru komunidade ruma nebe maka iha influencia hotu hodi foti decizaun?
C77: Response | D77: Choose category - all | E77: Category option | F77: X | L77: No | N77: Lae | O77: =A129 -> G3.01
C78: Response | D78: Enumerator completes | E78: Text response | F78: Text | L78: {additional name 3} | N78: Naran seluk ruma | O78: =A81 -> G2.03
A79: End if
A80: If {name 3} indicated:
A81: G2.03 | C81: Question | D81: Read question | E81: Category - one | F81: Code | K81: Is {name} male or female? | M81: (Naran) feto ka mane?
C82: Response | D82: Choose category - all | E82: Category option | F82: X | L82: Male | N82: Mane | O82: =A84 -> G2.04
C83: Response | D83: Choose category - all | E83: Category option | F83: X | L83: Female | N83: Female | O83: =A84 -> G2.04
A84: G2.04 | C84: Question | D84: Read question | E84: Category - All | F84: Code | K84: What is the position of {name 3}? | M84: (Naran) nia pozisaun saida?
C85: Response | E85: Category option | F85: X | L85: Catechist | N85: Katekista | O85: =A103 -> G2.05
C86: Response | E86: Category option | F86: X | L86: Priest / nun / bishop | N86: Padre/Madre | O86: =A103 -> G2.05
C87: Response | E87: Category option | F87: X | L87: District adminstrator | N87: Administrador distrito | O87: =A103 -> G2.05
C88: Response | E88: Category option | F88: X | L88: Sub district adminstrator | N88: Administrador sub distrito | O88: =A103 -> G2.05
C89: Response | E89: Category option | F89: X | L89: Suku secretary | N89: Sekretari Suku | O89: =A103 -> G2.05
C90: Response | E90: Category option | F90: X | L90: Teacher | N90: Mestri/a | O90: =A103 -> G2.05
C91: Response | E91: Category option | F91: X | L91: Doctor / health worker | N91: Doutor/a / Enfermeiro/a | O91: =A103 -> G2.05
C92: Response | E92: Category option | F92: X | L92: Lia Nain | N92: Lia-nain | O92: =A103 -> G2.05
C93: Response | E93: Category option | F93: X | L93: Other traditional elder / leader | N93: Katuas ka Lia nain Suku sira | O93: =A103 -> G2.05
C94: Response | E94: Category option | F94: X | L94: Police | N94: Policia | O94: =A103 -> G2.05
C95: Response | E95: Category option | F95: X | L95: Community police | N95: Policia Komunitaria | O95: =A103 -> G2.05
C96: Response | E96: Category option | F96: X | L96: Youth leader | N96: Xefe Juventude | O96: =A103 -> G2.05
C97: Response | E97: Category option | F97: X | L97: Women's representative | N97: Reprezentante feto | O97: =A103 -> G2.05
C98: Response | E98: Category option | F98: X | L98: Member of other group or council | N98: Membro husi konsellu ka grupo seluk | O98: =A103 -> G2.05
C99: Response | E99: Category option | F99: X | L99: Businessman or woman | N99: Emprezariu/a | O99: =A103 -> G2.05
C100: Response | E100: Category option | F100: X | L100: Landowner | N100: Rai nain | O100: =A103 -> G2.05
C101: Response | E101: Category option | F101: X | L101: Other position | N101: Pozisaun seluk | O101: =A102 -> G2.04x
...

Sheet H
A1: Part H - COHESION
A2: New ID | B2: Response ID | C2: Question or Response | D2: Question Completion Method | E2: Response Display Format | F2: Data Format | G2: Lower Bound | H2: Upper Bound | I2: Switching | J2: Image | K2: Display Text | M2: Translation | O2: Chronology
A3: M.C.14. Crime, Conflict and Dispute Resolution | M3: Krimi, violensia no solusaun ba problema
A4: H1.01 | C4: Question | D4: Read question | E4: Category - choose one | F4: Code | L4: In the past 6 months, has your house been burglarized or property stolen? | N4: Iha fulan 6 liu ba ita nia uma ka propriedade hetan asalto (ema tama) no nauk sasan?
C5: Response | E5: Category option | F5: X | L5: No | N5: Lae | O5: =A9 -> H1.02
C6: Response | E6: Category option | F6: X | L6: Yes | N6: Sim | O6: =A9 -> H1.02
C7: Response | E7: Category option | F7: X | L7: Don't Know | N7: La hatene | O7: =A9 -> H1.02
C8: Response | E8: Category option | F8: X | L8: Refuse to Answer | N8: Lakohi fo resposta | O8: =A9 -> H1.02
A9: H1.02 | C9: Question | D9: Read question | E9: Category - choose one | F9: Code | L9: In the past 6 months, have you or a member of your household had a dispute with someone, such as a dispute about damage to property, land ownership, personal insult, money, etc? | N9: Iha fulan 6 liu ba, ita boot ka membru uma kain ruma iha problema ho ema ruma, hanesan estraga propriedade, hadau malu rai, insulta malu no problema osan, nsst?
C10: Response | E10: Category option | F10: X | L10: No | N10: Lae | O10: =A65 -> H1.08
C11: Response | E11: Category option | F11: X | L11: Yes | N11: Sim | O11: =A14 -> H1.03
C12: Response | E12: Category option | F12: X | L12: Don't Know | N12: La hatene | O12: =A65 -> H1.08
C13: Response | E13: Category option | F13: X | L13: Refuse to Answer | N13: Lakohi fo resposta | O13: =A65 -> H1.08
A14: H1.03 | C14: Question | D14: Read question | E14: Category - choose one | F14: Code | K14: Where was this person from? | M14: Ema sira ne'e husi nebe?
C15: Response | E15: Category option | F15: X | L15: This aldeia | N15: Aldeia ida ne'e | O15: =A22 -> H1.04
C16: Response | E16: Category option | F16: X | L16: Other aldeia in this suku | N16: Aldeia seluk iha suku ida ne'e | O16: =A22 -> H1.04
C17: Response | E17: Category option | F17: X | L17: Other suku in this subdistrict | N17: Suku seluk iha subdistrito ida ne'e | O17: =A22 -> H1.04
L18: Other subdistrict in this district | N18: Subdistrito seluk iha distrito ida ne'e | O18: =A22 -> H1.04
L19: Other district | N19: Distrito seluk | O19: =A22 -> H1.04
C20: Response | E20: Category option | F20: X | L20: Don't Know | N20: La hatene | O20: =A22 -> H1.04
C21: Response | E21: Category option | F21: X | L21: Refuse to Answer | N21: Lakohi fo resposta | O21: =A22 -> H1.04
A22: H1.04 | C22: Question | D22: Read question | E22: Category - choose all | F22: Code | K22: What was the cause of these dispute(s)? | M22: Problema ne'e akontese tamba saida?
C23: Response | E23: Category option | F23: X | L23: Damage / trespass by animals | N23: Estraga tamba animal mak tama | O23: =A36 -> H1.05
C24: Response | E24: Category option | F24: X | L24: Land Ownership | N24: Hadau malu rai | O24: =A36 -> H1.05
C25: Response | E25: Category option | F25: X | L25: Water / Irrigation | N25: Be'e / irigasaun | O25: =A36 -> H1.05
C26: Response | E26: Category option | F26: X | L26: Theft of Livestock / Property | N26: Nauk animal hakiak / propriedade | O26: =A36 -> H1.05
C27: Response | E27: Category option | F27: X | L27: Money / Repayment of Loan | N27: Sisi tusan | O27: =A36 -> H1.05
C28: Response | E28: Category option | F28: X | L28: Marriage / Bride Price | N28: Kaben / folin barlake | O28: =A36 -> H1.05
C29: Response | E29: Category option | F29: X | L29: Death / Funeral | N29: Mate / hakoi | O29: =A36 -> H1.05
C30: Response | E30: Category option | F30: X | L30: Personal Insult / Respect | N30: Insulta malu / La respeita malu | O30: =A36 -> H1.05
C31: Response | E31: Category option | F31: X | L31: Ethnic / Cultural / Religious differences | N31: Etica / kultura / religiaun la hanesan | O31: =A36 -> H1.05
C32: Response | E32: Category option | F32: X | L32: Political differences | N32: Partido la hanesan | O32: =A36 -> H1.05
L33: Alcohol consumption | N33: Hemu tua | O33: =A36 -> H1.05
C34: Response | E34: Category option | F34: X | L34: Other | N34: Seluk | O34: =A35 -> H1.04x
A35: H1.04x | C35: Response | E35: Text response | F35: Text | L35: Specify | N35: Seluk, spesifika liu tan | O35: =A36 -> H1.05
A36: H1.05 | C36: Question | D36: Read question | E36: Category - choose one | F36: Code | L36: Who was the person or authority that was most important in helping to settle the (most recent) dispute? | N36: Wainhira problema hanesan ne mosu, se mak autoridade ne'ebe importante liu hodi ajuda rezolve problema sira ne?
L37: No one | N37: Laiha ema ida | O37: =A55 -> H1.06
C38: Response | E38: Category option | F38: X | L38: Xefe Aldeia | N38: Xefe Aldeia | O38: =A55 -> H1.06
C39: Response | E39: Category option | F39: X | L39: Xefe Suco | N39: Xefe Suku | O39: =A55 -> H1.06
C40: Response | E40: Category option | F40: X | L40: Priest / nun | N40: Padre / madre | O40: =A55 -> H1.06
C41: Response | E41: Category option | F41: X | L41: District adminstrator | N41: Administrador distritu | O41: =A55 -> H1.06
C42: Response | E42: Category option | F42: X | L42: Sub district adminstrator | N42: Administrador subdistritu | O42: =A55 -> H1.06
C43: Response | E43: Category option | F43: X | L43: Village elder | N43: Katuas | O43: =A55 -> H1.06
C44: Response | E44: Category option | F44: X | L44: Member of Suco council | N44: Membro Coselho de Suku | O44: =A55 -> H1.06
C45: Response | E45: Category option | F45: X | L45: Teacher | N45: Profesor/a | O45: =A55 -> H1.06
C46: Response | E46: Category option | F46: X | L46: Doctor | N46: Doutor | O46: =A55 -> H1.06
C47: Response | E47: Category option | F47: X | L47: Lia Nain | N47: Lia Nain | O47: =A55 -> H1.06
C48: Response | E48: Text response | F48: Text | L48: Police | N48: Polisia | O48: =A55 -> H1.06
C49: Response | E49: Category option | F49: X | L49: Community police | N49: Policia communitaria | O49: =A55 -> H1.06
L50: Youth leaders | N50: Lider juventude | O50: =A55 -> H1.06
L51: Member of other group or council | N51: Membro/conselho grupo seluk | O51: =A55 -> H1.06
L52: Businessman or woman | N52: Negociantes sira | O52: =A55 -> H1.06
C53: Response | E53: Category option | F53: X | L53: Landowner | N53: Rai nain | O53: =A55 -> H1.06
C54: Response | E54: Category option | F54: X | L54: Other position | N54: Posisaun seluk | O54: =A55 -> H1.06
A55: H1.06 | C55: Question | D55: Read question | E55: Category - choose one | F55: Code | K55: Has the (most recent) dispute been settled? | M55: Problema ida ne'e (ikus liu) rezolve ona?
C56: Response | E56: Category option | F56: X | L56: No | N56: Lae | O56: =A60 -> H1.07
C57: Response | E57: Category option | F57: X | L57: Yes | N57: Sim | O57: =A60 -> H1.07
C58: Response | E58: Category option | F58: X | L58: Don't Know | N58: La hatene | O58: =A60 -> H1.07
C59: Response | E59: Category option | F59: X | L59: Refuse to Answer | N59: Lakohi fo resposta | O59: =A60 -> H1.07
A60: H1.07 | K60: Were you satisfied with the resolution of the dispute? | M60: Ita satisfeito ho solusaun ba problema ida ne'e?
L61: No | N61: Lae | O61: =A65 -> H1.08
L62: Yes | N62: Sim | O62: =A65 -> H1.08
L63: Don't Know | N63: La hatene | O63: =A65 -> H1.08
L64: Refuse to Answer | N64: Lakohi fo resposta | O64: =A65 -> H1.08
A65: H1.08 | C65: Question | D65: Read question | E65: Category - choose one | F65: Code | K65: In your opinion, is there conflict in this aldeia often, sometimes or never? | M65: Iha ita-bot nia opiniaun, geralmente, iha aldeia ida ne'e, Problema akontese hela deit ka dala-ruma deit ka nunka iha problema?
C66: Response | E66: Category option | F66: X | L66: Often | N66: Dala barak | O66: =A69 -> H1.09
C67: Response | E67: Category option | F67: X | L67: Sometimes | N67: Dala ruma | O67: =A69 -> H1.09
C68: Response | E68: Category option | F68: X | L68: Never | N68: Nunka | O68: =A69 -> H1.09
A69: H1.09 | C69: Question | D69: Read question | E69: Category - choose one | F69: Code | K69: Compared to last year, has the level of conflict in this aldeia increased, stayed the same or decreased? | M69: Kompara ho tinan kotuk, problema iha aldeia ida ne'e aumenta tan, sei hanesan ka tun?
C70: Response | E70: Category option | F70: X | L70: Increased | N70: Aumenta tan | O70: =A75 -> H2.10
C71: Response | E71: Category option | F71: X | L71: Same | N71: Hanesan | O71: =A75 -> H2.10
C72: Response | E72: Category option | F72: X | L72: Decreased | N72: Tun | O72: =A75 -> H2.10
C73: Response | E73: Category option | F73: X | L73: Don't know | N73: La hatene | O73: =A75 -> H2.10
A74: P2. Trust | M74: Fiar
A75: H2.10 | C75: Question | D75: Read question | E75: Category - choose one | F75: Code | L75: Next, I am going to read some statements, and for each, I would like to know whether, in general, you agree or disagree with the statement. The first statement is: Most people who live in this aldeia can be trusted. Do you agree or disagree? | N75: Tuir mai, hau sei le'e deklarasaun balun, no ba kada deklarasaun, hau hakarak hatene, em jeral, ita aseita ka la aseita ho deklarasaun hirak ne'e. Deklarasaun dahuluk mak: Ita bele fo konfiansa ka fiar ba ema maioria nebe hela iha aldeia ne'e. Ita aseita ka lae?
C76: Response | E76: Category option | F76: X | L76: Agree | N76: Aseita | O76: =A79 -> H2.11
C77: Response | E77: Category option | F77: X | L77: Disagree | N77: La aseita | O77: =A79 -> H2.11
C78: Response | E78: Category option | F78: X | L78: Refused to answer | N78: Lakohi fo resposta | O78: =A79 -> H2.11
A79: H2.11 | C79: Question | D79: Read question | E79: Category - choose one | F79: Code | K79: In this aldeia, one has to be alert or someone is likely to take advantage of you. Agree or disagree? | M79: Iha aldeia ida ne'e, ita tenki matan-moris neon nain, selae ema bele aproveita ita. Aseita ka la aseita?
C80: Response | E80: Category option | F80: X | L80: Agree | N80: Aseita | O80: =A83 -> H2.12
C81: Response | E81: Category option | F81: X | L81: Disagree | N81: La aseita | O81: =A83 -> H2.12
C82: Response | E82: Category option | F82: X | L82: Refused to answer | N82: Lakohi fo resposta | O82: =A83 -> H2.12
A83: H2.12 | C83: Question | D83: Read question | E83: Category - choose one | F83: Code | K83: Most people in this aldeia are willing to help if you need it. Agree or disagree? | M83: Tuir ita nian hanoin, ema barak iha aldeia ida ne'e hakarak ajuda bainhira ita boot preciza. Aseita ka la aseita?
C84: Response | E84: Category option | F84: X | L84: Agree | N84: Aseita | O84: =A93 -> H2.14
C85: Response | E85: Category option | F85: X | L85: Disagree | N85: La aseita | O85: =A93 -> H2.14
C86: Response | E86: Category option | F86: X | L86: Refused to answer | N86: Lakohi fo resposta | O86: =A93 -> H2.14
A87: H2.13 | C87: Question | D87: Read question | E87: Category - choose one | F87: Code | L87: Suppose you urgently needed to send some cash to a relative in Dili {Baucau}, and your neighbour was going. Would you trust your neighbour to take the money to Dili {Baucau} for you? | N87: Se karik ita urgente presiza haruka osan ba familia iha Dili, maibe laiha ema ida iha itabot nia uma laran atu ba. Itabot fiar ita nia vizinhus sira atu lori osan ne'e ba Dili {Baucau}?
C88: Response | E88: Category option | F88: X | L88: No | N88: Lae | O88: =A93 -> H2.14
C89: Response | E89: Category option | F89: X | L89: Yes | N89: Sim | O89: =A93 -> H2.14
C90: Response | E90: Category option | F90: X | L90: Don’t know | N90: La hatene | O90: =A93 -> H2.14
C91: Response | E91: Category option | F91: X | L91: Refused to answer | N91: Lakohi fo resposta | O91: =A93 -> H2.14
A92: P11. Attitudes towards Gender Roles | M92: Hahalok sira Hasoru Knar Jéneru
A93: H2.14 | C93: Question | D93: Read question | E93: Category - choose one | F93: Code | L93: In your opinion, should there be a women's representative on Suku Council? | N93: Tuir itabot nia hanoin, tenki iha reprezentante feto sira nian ida iha Konselhu Suku ka lae?
C94: Response | E94: Category option | F94: X | L94: No | N94: Lae | O94: =A97 -> H2.15
C95: Response | E95: Category option | F95: X | L95: Yes | N95: Sim | O95: =A97 -> H2.15
C96: Response | E96: Category option | F96: X | L96: Refused to answer | N96: Lakohi hatan | O96: =A97 -> H2.15
A97: H2.15 | C97: Question | D97: Read question | E97: Category - choose one | F97: Code | L97: In your opinion, do you think there is a woman in this suku who could become a Xefe Suku? | N97: Tuir ita boot nia hanoin iha feto balu iha suku ida ne'e mak bele sai Xefe Suku ka lae?
C98: Response | E98: Category option | F98: X | L98: No | N98: Lae | O98: =A102 -> H2.16
C99: Response | E99: Category option | F99: X | L99: Yes | N99: Sim | O99: =A102 -> H2.16
C100: Response | E100: Category option | F100: X | L100: Don’t know | N100: La hatene | O100: =A102 -> H2.16
...

Sheet I
A1: Part I. Subjective Wellbeing
A2: New ID | B2: Response ID | C2: Question or Response | D2: Question Completion Method | E2: Response Display Format | F2: Data Format | G2: Lower Bound | H2: Upper Bound | I2: Switching | J2: Image | K2: Display Text | M2: Translation | O2: Chronology
A3: 1. Satisfaction with Public Facilities | M3: Sujeitu bem star (moris kontenti)
A4: I1.00 | C4: Question | D4: Read question | E4: Category - choose one | F4: Code | K4: Now I would like to ask about your satisfaction and disatisfaction with public services and facilities in your Suku. | M4: Tuir mai ne'e hau hakarak atu husu ita boot kontente ka lae ho servisu publiku no fasilidade iha suku ne'e. | O4: =A28 -> I3.01
A5: Table Rows:
A6: I1.01 | C6: Question | D6: Read question | E6: Category - choose one | F6: Code | K6: With regard to health care and health facilities in this suku, are you …? | M6: Kona ba tratamentu saude no facilidade saude iha suku laran, ita ...?
A7: I1.02 | C7: Question | D7: Read question | E7: Category - choose one | F7: Code | K7: With regard to education and school facilities in this suku, are you ...? | M7: Kona ba edukasaun no fasilidade eskola iha suku ne'e, ita ...?
A8: I1.03 | C8: Question | D8: Read question | E8: Category - choose one | F8: Code | K8: With regard to agricultural irrigation facilities in this suku, are you ...? | M8: Kona ba fasilidade irigasaun agarikultura iha suku ne'e, ita ...?
A9: I1.04 | C9: Question | D9: Read question | E9: Category - choose one | F9: Code | K9: With regard to drinking water systems in this suku, are you ...? | M9: Kona ba sistema be-mos iha suku ne'e, ita ...?
A10: I1.05 | C10: Question | D10: Read question | E10: Category - choose one | F10: Code | K10: With regard to the situation of roads and bridges in this suku, are you …? | M10: Kona ba situasaun estrada no ponte sira iha suku ne'e, ita ...?
A11: I1.06 | C11: Question | D11: Read question | E11: Category - choose one | F11: Code | K11: With regard to community buildings in this suku, are you …? | M11: Kona ba infrastrutura komunitariu iha suku ida ne'e, ita ...?
A12: Table Columns:
C13: Response | D13: Probe if needed | E13: Category option | F13: X | L13: Satisfied | M13: Satisfeitu
C14: Response | D14: Probe if needed | E14: Category option | F14: X | L14: Neutral | M14: Bain-bain deit
C15: Response | D15: Probe if needed | E15: Category option | F15: X | L15: Unsatisfied | M15: La satisfeitu
C16: Response | D16: Probe if needed | E16: Category option | F16: X | L16: Don't know | M16: La hatene
A17: 2. Adequacy of Household Situation
A18: Table Rows
A19: I2.01 | K19: Concerning your household's current situation with housing, do you feel it is…? | M19: Kona ba ita nia situasaun uma-laran nian agora dadaun, ita sente ...?
A20: I2.02 | K20: Concerning your household's food consumption over the past 1 month, do you feel it has been ...? | M20: Kona ba konsumu ai-han iha ita nia uma laran iha fulan 1 liu ba, ita sente ...?
A21: I2.03 | K21: Concerning the quality of children's education, do you feel it is ...? | M21: Kona ba kualidade edukasaun oan sira nian, ita sente ...?
A22: Table Columns:
K23: More than adequate | M23: Resin
K24: Just adequate | M24: Naton ona
K25: Less than adequate | M25: La dun to'o
K26: Not applicable | M26: La aplika
A27: 3. Subjective Wellbeing | M27: Sujeitu bem star (moris kontenti)
A28: I3.01 | C28: Question | D28: Read question | E28: Category - choose one | F28: Code | K28: In general, how happy do you consider yourself to be?; Happy, neither happy nor sad, or sad? | M28: Em jeral, ita sente ita nia an oinsa? Kontenti, bai-bain deit ka triste? | O28: =A36 -> I3.03
C29: Response | D29: Probe if needed | E29: Category option | F29: X | L29: Happy | M29: Kontenti
C30: Response | D30: Probe if needed | E30: Category option | F30: X | L30: Neither happy nor sad | M30: Bai-bain deit
C31: Response | D31: Probe if needed | E31: Category option | F31: X | L31: Sad | M31: Triste
A32: I3.02 | C32: Question | D32: Read question | E32: Category - choose one | F32: Code | K32: Compared to this time last year, do you feel that the financial situation of your household is better, the same, or worse? | M32: Kompara tinan ne'e ho tinan kotuk, ita sente ita nia situasaun ekonomika uma laran oinsa? Diak liu, hanesan deit, ka a'at liu?
C33: Response | D33: Probe if needed | E33: Category option | F33: X | L33: Better | M33: Diak liu
C34: Response | D34: Probe if needed | E34: Category option | F34: X | L34: Same | M34: Hanesan deit
C35: Response | D35: Probe if needed | E35: Category option | F35: X | L35: Worse | M35: A'at liu
A36: I3.03 | C36: Question | D36: Read question | E36: Category - choose one | F36: Code | K36: If someone in the household becomes sick and needs to go to a doctor, is it easy to see a doctor, just sometimes or very difficult? | M36: Wainhira ema ruma moras iha ita nia uma laran no preciza lori ba doutor, ita sente katak sempre fasil atu hasoru doutor ka dalaruma deit ka susar tebes? | O36: =J!A4 -> MJ1.01
C37: Response | D37: Probe if needed | E37: Category option | F37: X | L37: Easy | M37: Fasil
C38: Response | D38: Probe if needed | E38: Category option | F38: X | L38: Just sometimes | M38: Dalaruma deit
C39: Response | D39: Probe if needed | E39: Category option | F39: X | L39: Very difficult | M39: Susar tebes

Sheet J
A1: Part J
A2: New ID | B2: Response ID | C2: Question or Response | D2: Question Completion Method | E2: Response Display Format | F2: Data Format | G2: Lower Bound | H2: Upper Bound | I2: Image | J2: Display Text | L2: Translation | N2: Chronology
A3: Sources of Information
A4: MJ1.01 | C4: Question | D4: Read question | E4: Numeric response | F4: XXX | J4: In the last 7 days, how many times have you listened to radio? | L4: Iha loron 7 liu ba, dala hira maka ita rona radio? | N4: =A5 -> MJ1.02
A5: MJ1.02 | C5: Question | D5: Read question | E5: Numeric response | F5: XXX | J5: In the last 7 days, how many times have you watched television? | L5: Iha loron 7 liu ba, dala hira maka ita hare televizaun? | N5: =A6 -> MJ1.03
A6: MJ1.03 | C6: Question | D6: Read question | E6: Numeric response | F6: XXX | J6: In the last 4 weeks, how many times have you eaten a meal outside your house with people who are not relatives? | L6: Iha semana 4 liu ba, dala hira maka ita han hamutuk ho ema seluk nebe laos ita nia familia? | N6: =A7 -> MJ1.04
A7: MJ1.04 | C7: Question | D7: Read question | E7: Category - choose one | F7: Code | J7: How often do you receive information about what the government is doing in this area?; At least once a month, once or twice a year or never? | L7: Ita bot simu informasaun regularmente konaba saida mak governu halo iha suku ida ne'e?; Dala barak, dala ruma ka nunka? | N7: =A11 -> MJ1.05
C8: Response | E8: Category option | F8: 1 | K8: Often | M8: Dala barak | N8: =A11 -> MJ1.05
C9: Response | E9: Category option | F9: 2 | K9: Sometimes | M9: Dala ruma | N9: =A11 -> MJ1.05
C10: Response | E10: Category option | F10: 3 | K10: Never | M10: Nunka | N10: =A26 -> MJ1.06
A11: MJ1.05 | C11: Question | D11: Read question | E11: Category - choose all | F11: Code | J11: Where do you get this information from? | L11: Ita bot hetan informasaun ne'e husi nebe? | N11: =A25 -> MJ1.05x
C12: Response | E12: Category option | F12: 1 | K12: District administrator | M12: Administrador distritu | N12: =A26 -> MJ1.06
C13: Response | E13: Category option | F13: 2 | K13: Subdistrict administrator | M13: Administrador subdistritu | N13: =A26 -> MJ1.06
C14: Response | E14: Category option | F14: 3 | K14: Xefe Suku | M14: Xefe Suku | N14: =A26 -> MJ1.06
C15: Response | E15: Category option | F15: 4 | K15: Xefe Aldeia | M15: Xefe Aldeia | N15: =A26 -> MJ1.06
C16: Response | E16: Category option | F16: 5 | K16: Suku meetings | M16: Enkontru suku | N16: =A26 -> MJ1.06
C17: Response | E17: Category option | F17: 6 | K17: Aldeia meetings | M17: Enkontru aldeia | N17: =A26 -> MJ1.06
C18: Response | E18: Category option | F18: 7 | K18: Community notice board | M18: Kuadru komunidade | N18: =A26 -> MJ1.06
C19: Response | E19: Category option | F19: 8 | K19: Friends and family | M19: Kolega no familia | N19: =A26 -> MJ1.06
C20: Response | E20: Category option | F20: 9 | K20: Radio | M20: Jornal | N20: =A26 -> MJ1.06
C21: Response | E21: Category option | F21: 10 | K21: Newspaper | M21: Radio | N21: =A26 -> MJ1.06
C22: Response | E22: Category option | F22: 11 | K22: Television | M22: Televizaun | N22: =A26 -> MJ1.06
C23: Response | E23: Category option | F23: 12 | K23: Internet / Facebook | M23: Internet / Facebook | N23: =A26 -> MJ1.06
B24: H1.01.c | C24: =VLOOKUP($B24,[3]Codes!$A$1:$K$65536,2,FALSE) -> Response | E24: =VLOOKUP($B24,[3]Codes!$A$1:$K$65536,4,FALSE) -> Category option | F24: =VLOOKUP($B24,[3]Codes!$A$1:$K$65536,5,FALSE) -> 997 | K24: =VLOOKUP($B24,[3]Codes!$A$1:$K$65536,9,FALSE) -> Other (specify) | M24: =VLOOKUP($B24,[3]Codes!$A$1:$K$65536,11,FALSE) -> Seluk (spesifika) | N24: =A25 -> MJ1.05x
A25: MJ1.05x | C25: Question | D25: Read question | E25: Text response | F25: Text | J25: [Specify other source] | L25: [Spesifika seluk] | N25: =A26 -> MJ1.06
A26: MJ1.06 | C26: Question | D26: Read question | E26: Category - choose one | F26: Code | J26: Have you heard of the government's Local Development Program (LDP)? | L26: Ita rona ona governo nia projeitu bolu program dezenvolvimentu local (PDL)? | N26: =A29 -> MJ1.07
B27: H1.01.a | C27: =VLOOKUP($B27,[3]Codes!$A$1:$K$65536,2,FALSE) -> Response | E27: =VLOOKUP($B27,[3]Codes!$A$1:$K$65536,4,FALSE) -> Category option | F27: =VLOOKUP($B27,[3]Codes!$A$1:$K$65536,5,FALSE) -> 0 | K27: =VLOOKUP($B27,[3]Codes!$A$1:$K$65536,9,FALSE) -> No | M27: =VLOOKUP($B27,[3]Codes!$A$1:$K$65536,11,FALSE) -> Lae | N27: =A29 -> MJ1.07
B28: H1.01.b | C28: =VLOOKUP($B28,[3]Codes!$A$1:$K$65536,2,FALSE) -> Response | E28: =VLOOKUP($B28,[3]Codes!$A$1:$K$65536,4,FALSE) -> Category option | F28: =VLOOKUP($B28,[3]Codes!$A$1:$K$65536,5,FALSE) -> 1 | K28: =VLOOKUP($B28,[3]Codes!$A$1:$K$65536,9,FALSE) -> Yes | M28: =VLOOKUP($B28,[3]Codes!$A$1:$K$65536,11,FALSE) -> Sim | N28: =A29 -> MJ1.07
A29: MJ1.07 | C29: Question | D29: Read question | E29: Category - choose one | F29: Code | J29: Have you heard of the government's Youth Development Project (YDP)? | L29: Ita rona ona governu nia Projeitu dezenvolvimentu Juventude? | N29: =A32 -> MJ1.08
B30: H1.01.a | C30: =VLOOKUP($B30,[3]Codes!$A$1:$K$65536,2,FALSE) -> Response | E30: =VLOOKUP($B30,[3]Codes!$A$1:$K$65536,4,FALSE) -> Category option | F30: =VLOOKUP($B30,[3]Codes!$A$1:$K$65536,5,FALSE) -> 0 | K30: =VLOOKUP($B30,[3]Codes!$A$1:$K$65536,9,FALSE) -> No | M30: =VLOOKUP($B30,[3]Codes!$A$1:$K$65536,11,FALSE) -> Lae | N30: =A32 -> MJ1.08
B31: H1.01.b | C31: =VLOOKUP($B31,[3]Codes!$A$1:$K$65536,2,FALSE) -> Response | E31: =VLOOKUP($B31,[3]Codes!$A$1:$K$65536,4,FALSE) -> Category option | F31: =VLOOKUP($B31,[3]Codes!$A$1:$K$65536,5,FALSE) -> 1 | K31: =VLOOKUP($B31,[3]Codes!$A$1:$K$65536,9,FALSE) -> Yes | M31: =VLOOKUP($B31,[3]Codes!$A$1:$K$65536,11,FALSE) -> Sim | N31: =A32 -> MJ1.08
A32: MJ1.08 | C32: Question | D32: Read question | E32: Category - choose one | F32: Code | J32: Have you heard of the government's Roads for Development Program? | L32: Ita rona ona konaba governu nia Programa Estradas ba Dezenvolvimentu? | N32: =A35 -> MJ1.09
B33: H1.01.a | C33: =VLOOKUP($B33,[3]Codes!$A$1:$K$65536,2,FALSE) -> Response | E33: =VLOOKUP($B33,[3]Codes!$A$1:$K$65536,4,FALSE) -> Category option | F33: =VLOOKUP($B33,[3]Codes!$A$1:$K$65536,5,FALSE) -> 0 | K33: =VLOOKUP($B33,[3]Codes!$A$1:$K$65536,9,FALSE) -> No | M33: =VLOOKUP($B33,[3]Codes!$A$1:$K$65536,11,FALSE) -> Lae | N33: =A35 -> MJ1.09
B34: H1.01.b | C34: =VLOOKUP($B34,[3]Codes!$A$1:$K$65536,2,FALSE) -> Response | E34: =VLOOKUP($B34,[3]Codes!$A$1:$K$65536,4,FALSE) -> Category option | F34: =VLOOKUP($B34,[3]Codes!$A$1:$K$65536,5,FALSE) -> 1 | K34: =VLOOKUP($B34,[3]Codes!$A$1:$K$65536,9,FALSE) -> Yes | M34: =VLOOKUP($B34,[3]Codes!$A$1:$K$65536,11,FALSE) -> Sim | N34: =A35 -> MJ1.09
A35: MJ1.09 | C35: Question | D35: Read question | E35: Category - choose one | F35: Code | J35: Have you heard of the government's Programa Nasional Desenvolvimentu Suku (PNDS)? | L35: Ita rona ona governu nia program bolu Programa Nasional Dezenvolvimentu Suku ou PNDS? | N35: =A39 -> MJ1.00
B36: H1.01.a | C36: =VLOOKUP($B36,[3]Codes!$A$1:$K$65536,2,FALSE) -> Response | E36: =VLOOKUP($B36,[3]Codes!$A$1:$K$65536,4,FALSE) -> Category option | F36: =VLOOKUP($B36,[3]Codes!$A$1:$K$65536,5,FALSE) -> 0 | K36: =VLOOKUP($B36,[3]Codes!$A$1:$K$65536,9,FALSE) -> No | M36: =VLOOKUP($B36,[3]Codes!$A$1:$K$65536,11,FALSE) -> Lae | N36: next section
B37: H1.01.b | C37: =VLOOKUP($B37,[3]Codes!$A$1:$K$65536,2,FALSE) -> Response | E37: =VLOOKUP($B37,[3]Codes!$A$1:$K$65536,4,FALSE) -> Category option | F37: =VLOOKUP($B37,[3]Codes!$A$1:$K$65536,5,FALSE) -> 1 | K37: =VLOOKUP($B37,[3]Codes!$A$1:$K$65536,9,FALSE) -> Yes | M37: =VLOOKUP($B37,[3]Codes!$A$1:$K$65536,11,FALSE) -> Sim | N37: next section
A38: Participation in Groups
A39: MJ1.00 | C39: Question | D39: Read question | E39: Table - Yes/No | F39: Code | J39: Now I would like to ask about your participation in groups and collectives | L39: Agora hau hakarak husu kona ba partisipasaun iha grupus no collectivas | N39: =A56 -> MJ1.21
A40: Table row
A41: MJ1.10 | C41: Question | D41: Observe/only ask the youth | E41: Category - choose one | F41: Code | J41: Are you part of a youth group? | L41: Ita hola parte husi grupu joven nian?
A42: MJ1.11 | C42: Question | D42: Read question | E42: Category - choose one | F42: Code | J42: Are you part of a sports group? | L42: Ita hola parte husi grupu desportu nian?
A43: MJ1.12 | C43: Question | D43: Read question | E43: Category - choose one | F43: Code | J43: Are you part of a health group? | L43: Ita hola parte husi grupu saude nian?
A44: MJ1.13 | C44: Question | D44: Read question | E44: Category - choose one | F44: Code | J44: Are you part of a savings group, a credit group or arisan? | L44: Ita nudar parte husi grupu rai osan ka grupu kréditu ka arisan ida?
A45: MJ1.14 | C45: Question | D45: Read question | E45: Category - choose one | F45: Code | J45: Are you part of a religious group? | L45: Ita hola parte husi grupu relijiaun nian?
A46: MJ1.15 | C46: Question | D46: Read question | E46: Category - choose one | F46: Code | J46: Are you part of a martial arts or ritual arts group? | L46: Ita hola parte iha grupu arte martials?
A47: MJ1.16 | C47: Question | D47: Read question | E47: Category - choose one | F47: Code | J47: Are you part of a traditional, cultural or adat group? | L47: Ita hola parte husi grupu traditional, kultural ka adat nian?
A48: MJ1.17 | C48: Question | D48: Read question | E48: Category - choose one | F48: Code | J48: Are you a member of a political party? | L48: Ita hola parte iha grupu politico?
A49: MJ1.18 | C49: Question | D49: Read question | E49: Category - choose one | F49: Code | J49: Are you part of a water committee? | L49: Ita hola parte husi komisaun ou grupu be'e nian?
A50: MJ1.19 | C50: Question | D50: Read question | E50: Category - choose one | F50: Code | J50: Are you part of a farmer's group or cooperative? | L50: Ita hola parte iha grupu agrikultura ou koperativa agrikultura?
A51: MJ1.20 | C51: Question | D51: Read question | E51: Category - choose one | F51: Code | J51: Are you part of a group or cooperative that joins together to buy or store food or produce? | L51: Ita hola parte husi grupu ka koperativa ida nebe hamutuk sosa ka haloot ai-han ka produtu agrikola?
A52: Table collums
C53: Response | D53: Don't read | E53: Category - choose one | F53: 1 | J53: Yes | M53: Sim
C54: Response | D54: Don't read | E54: Category - choose one | F54: 0 | J54: No | M54: Lae
A55: End table
A56: MJ1.21 | C56: Question | D56: Read question | E56: Category - choose one | F56: Code | J56: Are you part of any other groups or cooperatives? | L56: Ita hola parte husi grupu seluk ka koperativa seluk?
B57: H1.01.a | C57: =VLOOKUP($B57,[3]Codes!$A$1:$K$65536,2,FALSE) -> Response | E57: =VLOOKUP($B57,[3]Codes!$A$1:$K$65536,4,FALSE) -> Category option | F57: =VLOOKUP($B57,[3]Codes!$A$1:$K$65536,5,FALSE) -> 0 | K57: =VLOOKUP($B57,[3]Codes!$A$1:$K$65536,9,FALSE) -> No | M57: =VLOOKUP($B57,[3]Codes!$A$1:$K$65536,11,FALSE) -> Lae | N57: =A60 -> MJ1.22
B58: H1.01.b | C58: =VLOOKUP($B58,[3]Codes!$A$1:$K$65536,2,FALSE) -> Response | E58: =VLOOKUP($B58,[3]Codes!$A$1:$K$65536,4,FALSE) -> Category option | F58: =VLOOKUP($B58,[3]Codes!$A$1:$K$65536,5,FALSE) -> 1 | K58: =VLOOKUP($B58,[3]Codes!$A$1:$K$65536,9,FALSE) -> Yes | M58: =VLOOKUP($B58,[3]Codes!$A$1:$K$65536,11,FALSE) -> Sim | N58: =A59 -> MJ1.21x
A59: MJ1.21x | C59: Question | D59: Read question | E59: Text response | F59: Text | J59: [Specify other group] | L59: [Spesifika grupu seluk] | N59: =A60 -> MJ1.22
A60: MJ1.22 | C60: Question | D60: Read question | E60: Category - choose one | F60: Code | J60: Have you visited the home of the Xefe Aldeia or the aldeia office in the last 4 weeks? | L60: Ita vizita ona xefi aldeia nia uma ka sede aldeia iha semana 4 liu ba?
B61: H1.01.a | C61: =VLOOKUP($B61,[3]Codes!$A$1:$K$65536,2,FALSE) -> Response | E61: =VLOOKUP($B61,[3]Codes!$A$1:$K$65536,4,FALSE) -> Category option | F61: =VLOOKUP($B61,[3]Codes!$A$1:$K$65536,5,FALSE) -> 0 | K61: =VLOOKUP($B61,[3]Codes!$A$1:$K$65536,9,FALSE) -> No | M61: =VLOOKUP($B61,[3]Codes!$A$1:$K$65536,11,FALSE) -> Lae | N61: =A63 -> MJ1.23
B62: H1.01.b | C62: =VLOOKUP($B62,[3]Codes!$A$1:$K$65536,2,FALSE) -> Response | E62: =VLOOKUP($B62,[3]Codes!$A$1:$K$65536,4,FALSE) -> Category option | F62: =VLOOKUP($B62,[3]Codes!$A$1:$K$65536,5,FALSE) -> 1 | K62: =VLOOKUP($B62,[3]Codes!$A$1:$K$65536,9,FALSE) -> Yes | M62: =VLOOKUP($B62,[3]Codes!$A$1:$K$65536,11,FALSE) -> Sim | N62: =A63 -> MJ1.23
A63: MJ1.23 | C63: Question | D63: Read question | E63: Category - choose one | F63: Code | J63: Have you visited the home of the Xefe Suku or the suku office in the last 4 weeks? | L63: Ita vizita ona xefe suku nia uma ka sede suku iha semana 4 liu ba?
B64: H1.01.a | C64: =VLOOKUP($B64,[3]Codes!$A$1:$K$65536,2,FALSE) -> Response | E64: =VLOOKUP($B64,[3]Codes!$A$1:$K$65536,4,FALSE) -> Category option | F64: =VLOOKUP($B64,[3]Codes!$A$1:$K$65536,5,FALSE) -> 0 | K64: =VLOOKUP($B64,[3]Codes!$A$1:$K$65536,9,FALSE) -> No | M64: =VLOOKUP($B64,[3]Codes!$A$1:$K$65536,11,FALSE) -> Lae | N64: =A79 -> MJ3.01
B65: H1.01.b | C65: =VLOOKUP($B65,[3]Codes!$A$1:$K$65536,2,FALSE) -> Response | E65: =VLOOKUP($B65,[3]Codes!$A$1:$K$65536,4,FALSE) -> Category option | F65: =VLOOKUP($B65,[3]Codes!$A$1:$K$65536,5,FALSE) -> 1 | K65: =VLOOKUP($B65,[3]Codes!$A$1:$K$65536,9,FALSE) -> Yes | M65: =VLOOKUP($B65,[3]Codes!$A$1:$K$65536,11,FALSE) -> Sim | N65: =A79 -> MJ3.01
A66: Lisan
A67: MJ2.01 | C67: Question | D67: Read question | E67: Category - choose one | F67: Code | J67: Does your family follow lisan? | L67: Ita nia familia halo-tuir lisan ka lae?
B68: H1.01.a | C68: =VLOOKUP($B68,[3]Codes!$A$1:$K$65536,2,FALSE) -> Response | E68: =VLOOKUP($B68,[3]Codes!$A$1:$K$65536,4,FALSE) -> Category option | F68: =VLOOKUP($B68,[3]Codes!$A$1:$K$65536,5,FALSE) -> 0 | K68: =VLOOKUP($B68,[3]Codes!$A$1:$K$65536,9,FALSE) -> No | M68: =VLOOKUP($B68,[3]Codes!$A$1:$K$65536,11,FALSE) -> Lae | N68: next section
B69: H1.01.b | C69: =VLOOKUP($B69,[3]Codes!$A$1:$K$65536,2,FALSE) -> Response | E69: =VLOOKUP($B69,[3]Codes!$A$1:$K$65536,4,FALSE) -> Category option | F69: =VLOOKUP($B69,[3]Codes!$A$1:$K$65536,5,FALSE) -> 1 | K69: =VLOOKUP($B69,[3]Codes!$A$1:$K$65536,9,FALSE) -> Yes | M69: =VLOOKUP($B69,[3]Codes!$A$1:$K$65536,11,FALSE) -> Sim | N69: =A70 -> MJ2.02
A70: MJ2.02 | C70: Question | D70: Read question | E70: Category - choose one | F70: Code | J70: What responsibilities does your uma lisan have in this aldeia? | L70: Responsabilidade sa ida mak ita nia uma lisan kaer iha aldeia ne'e?
B71: M8.02a | C71: =VLOOKUP($B71,[3]Codes!$A$1:$K$65536,2,FALSE) -> Response | E71: =VLOOKUP($B71,[3]Codes!$A$1:$K$65536,4,FALSE) -> Category option | F71: =VLOOKUP($B71,[3]Codes!$A$1:$K$65536,5,FALSE) -> 1 | K71: =VLOOKUP($B71,[3]Codes!$A$1:$K$65536,9,FALSE) -> Uma maromak / uma lulik / god house | M71: =VLOOKUP($B71,[3]Codes!$A$1:$K$65536,11,FALSE) -> Uma maromak / uma lulik | N71: next section
B72: M8.02b | C72: =VLOOKUP($B72,[3]Codes!$A$1:$K$65536,2,FALSE) -> Response | E72: =VLOOKUP($B72,[3]Codes!$A$1:$K$65536,4,FALSE) -> Category option | F72: =VLOOKUP($B72,[3]Codes!$A$1:$K$65536,5,FALSE) -> 2 | K72: =VLOOKUP($B72,[3]Codes!$A$1:$K$65536,9,FALSE) -> Uma liurai / political house | M72: =VLOOKUP($B72,[3]Codes!$A$1:$K$65536,11,FALSE) -> Uma liurai | N72: next section
B73: M8.02c | C73: =VLOOKUP($B73,[3]Codes!$A$1:$K$65536,2,FALSE) -> Response | E73: =VLOOKUP($B73,[3]Codes!$A$1:$K$65536,4,FALSE) -> Category option | F73: =VLOOKUP($B73,[3]Codes!$A$1:$K$65536,5,FALSE) -> 3 | K73: =VLOOKUP($B73,[3]Codes!$A$1:$K$65536,9,FALSE) -> Gate keeper | M73: =VLOOKUP($B73,[3]Codes!$A$1:$K$65536,11,FALSE) -> Hein odamatan | N73: next section
B74: M8.02d | C74: =VLOOKUP($B74,[3]Codes!$A$1:$K$65536,2,FALSE) -> Response | E74: =VLOOKUP($B74,[3]Codes!$A$1:$K$65536,4,FALSE) -> Category option | F74: =VLOOKUP($B74,[3]Codes!$A$1:$K$65536,5,FALSE) -> 4 | K74: =VLOOKUP($B74,[3]Codes!$A$1:$K$65536,9,FALSE) -> Newcomer | M74: =VLOOKUP($B74,[3]Codes!$A$1:$K$65536,11,FALSE) -> Ema foun | N74: next section
B75: M8.02e | C75: =VLOOKUP($B75,[3]Codes!$A$1:$K$65536,2,FALSE) -> Response | E75: =VLOOKUP($B75,[3]Codes!$A$1:$K$65536,4,FALSE) -> Category option | F75: =VLOOKUP($B75,[3]Codes!$A$1:$K$65536,5,FALSE) -> 5 | K75: =VLOOKUP($B75,[3]Codes!$A$1:$K$65536,9,FALSE) -> Other position | M75: =VLOOKUP($B75,[3]Codes!$A$1:$K$65536,11,FALSE) -> Pojisaun seluk | N75: next section
B76: H1.01.d | C76: =VLOOKUP($B76,[3]Codes!$A$1:$K$65536,2,FALSE) -> Response | E76: =VLOOKUP($B76,[3]Codes!$A$1:$K$65536,4,FALSE) -> Category option | F76: =VLOOKUP($B76,[3]Codes!$A$1:$K$65536,5,FALSE) -> 998 | K76: =VLOOKUP($B76,[3]Codes!$A$1:$K$65536,9,FALSE) -> Don't know | M76: =VLOOKUP($B76,[3]Codes!$A$1:$K$65536,11,FALSE) -> La hatene | N76: next section
B77: H1.01.e | C77: =VLOOKUP($B77,[3]Codes!$A$1:$K$65536,2,FALSE) -> Response | E77: =VLOOKUP($B77,[3]Codes!$A$1:$K$65536,4,FALSE) -> Category option | F77: =VLOOKUP($B77,[3]Codes!$A$1:$K$65536,5,FALSE) -> 999 | K77: =VLOOKUP($B77,[3]Codes!$A$1:$K$65536,9,FALSE) -> Refused to answer | M77: =VLOOKUP($B77,[3]Codes!$A$1:$K$65536,11,FALSE) -> Lakohi fo resposta | N77: next section
A78: Education
A79: MJ3.01 | C79: =VLOOKUP($A79,'[3]Recurring Qns'!$A$1:$K$65536,3,FALSE) -> Question | D79: =VLOOKUP($A79,'[3]Recurring Qns'!$A$1:$K$65536,4,FALSE) -> Read question | E79: =VLOOKUP($A79,'[3]Recurring Qns'!$A$1:$K$65536,5,FALSE) -> Category - choose one | F79: =VLOOKUP($A79,'[3]Recurring Qns'!$A$1:$K$65536,6,FALSE) -> Code | G79: =VLOOKUP($A79,'[3]Recurring Qns'!$A$1:$K$65536,7,FALSE) -> - | H79: =VLOOKUP($A79,'[3]Recurring Qns'!$A$1:$K$65536,8,FALSE) -> - | J79: =VLOOKUP($A79,'[3]Recurring Qns'!$A$1:$K$65536,9,FALSE) -> Have you ever been enrolled in school? | L79: =VLOOKUP($A79,'[3]Recurring Qns'!$A$1:$K$65536,11,FALSE) -> Ita bot pernah ba eskola?
B80: H1.01.a | C80: =VLOOKUP($B80,[3]Codes!$A$1:$K$65536,2,FALSE) -> Response | E80: =VLOOKUP($B80,[3]Codes!$A$1:$K$65536,4,FALSE) -> Category option | F80: =VLOOKUP($B80,[3]Codes!$A$1:$K$65536,5,FALSE) -> 0 | K80: =VLOOKUP($B80,[3]Codes!$A$1:$K$65536,9,FALSE) -> No | M80: =VLOOKUP($B80,[3]Codes!$A$1:$K$65536,11,FALSE) -> Lae | N80: =A111 -> MJ4.01
B81: H1.01.b | C81: =VLOOKUP($B81,[3]Codes!$A$1:$K$65536,2,FALSE) -> Response | E81: =VLOOKUP($B81,[3]Codes!$A$1:$K$65536,4,FALSE) -> Category option | F81: =VLOOKUP($B81,[3]Codes!$A$1:$K$65536,5,FALSE) -> 1 | K81: =VLOOKUP($B81,[3]Codes!$A$1:$K$65536,9,FALSE) -> Yes | M81: =VLOOKUP($B81,[3]Codes!$A$1:$K$65536,11,FALSE) -> Sim | N81: =A83 -> MJ3.02
B82: H1.01.e | C82: =VLOOKUP($B82,[3]Codes!$A$1:$K$65536,2,FALSE) -> Response | E82: =VLOOKUP($B82,[3]Codes!$A$1:$K$65536,4,FALSE) -> Category option | F82: =VLOOKUP($B82,[3]Codes!$A$1:$K$65536,5,FALSE) -> 999 | K82: =VLOOKUP($B82,[3]Codes!$A$1:$K$65536,9,FALSE) -> Refused to answer | M82: =VLOOKUP($B82,[3]Codes!$A$1:$K$65536,11,FALSE) -> Lakohi fo resposta | N82: =A111 -> MJ4.01
A83: MJ3.02 | C83: =VLOOKUP($A83,'[4]Recurring Qns'!$A$1:$K$65536,3,FALSE) -> Question | D83: =VLOOKUP($A83,'[4]Recurring Qns'!$A$1:$K$65536,4,FALSE) -> Read question | E83: =VLOOKUP($A83,'[4]Recurring Qns'!$A$1:$K$65536,5,FALSE) -> Category - choose one | F83: =VLOOKUP($A83,'[4]Recurring Qns'!$A$1:$K$65536,6,FALSE) -> Code | G83: =VLOOKUP($A83,'[4]Recurring Qns'!$A$1:$K$65536,7,FALSE) -> - | H83: =VLOOKUP($A83,'[4]Recurring Qns'!$A$1:$K$65536,8,FALSE) -> - | J83: =VLOOKUP($A83,'[4]Recurring Qns'!$A$1:$K$65536,9,FALSE) -> What is the highest level of education you have completed? | L83: =VLOOKUP($A83,'[4]Recurring Qns'!$A$1:$K$65536,11,FALSE) -> Nivel edukasaun ikus nebe ita bot hasai mak saida?
B84: H1.02.a | C84: =VLOOKUP($B84,[4]Codes!$A$1:$K$65536,2,FALSE) -> Response | E84: =VLOOKUP($B84,[4]Codes!$A$1:$K$65536,4,FALSE) -> Category option | F84: =VLOOKUP($B84,[4]Codes!$A$1:$K$65536,5,FALSE) -> 1 | K84: =VLOOKUP($B84,[4]Codes!$A$1:$K$65536,9,FALSE) -> None completed | M84: =VLOOKUP($B84,[4]Codes!$A$1:$K$65536,11,FALSE) -> La Kompletu | N84: =A111 -> MJ4.01
B85: H1.02.b | C85: =VLOOKUP($B85,[4]Codes!$A$1:$K$65536,2,FALSE) -> Response | E85: =VLOOKUP($B85,[4]Codes!$A$1:$K$65536,4,FALSE) -> Category option | F85: =VLOOKUP($B85,[4]Codes!$A$1:$K$65536,5,FALSE) -> 2 | K85: =VLOOKUP($B85,[4]Codes!$A$1:$K$65536,9,FALSE) -> Pre-School | M85: =VLOOKUP($B85,[4]Codes!$A$1:$K$65536,11,FALSE) -> Pre-Eskolar | N85: =A111 -> MJ4.01
B86: H1.02.c | C86: =VLOOKUP($B86,[4]Codes!$A$1:$K$65536,2,FALSE) -> Response | E86: =VLOOKUP($B86,[4]Codes!$A$1:$K$65536,4,FALSE) -> Category option | F86: =VLOOKUP($B86,[4]Codes!$A$1:$K$65536,5,FALSE) -> 3 | K86: =VLOOKUP($B86,[4]Codes!$A$1:$K$65536,9,FALSE) -> Primary School | M86: =VLOOKUP($B86,[4]Codes!$A$1:$K$65536,11,FALSE) -> Eskola Primária | N86: =A91 -> MJ3.02x
B87: H1.02.d | C87: =VLOOKUP($B87,[4]Codes!$A$1:$K$65536,2,FALSE) -> Response | E87: =VLOOKUP($B87,[4]Codes!$A$1:$K$65536,4,FALSE) -> Category option | F87: =VLOOKUP($B87,[4]Codes!$A$1:$K$65536,5,FALSE) -> 4 | K87: =VLOOKUP($B87,[4]Codes!$A$1:$K$65536,9,FALSE) -> Junior High School | M87: =VLOOKUP($B87,[4]Codes!$A$1:$K$65536,11,FALSE) -> Eskola Pre-Sekundária | N87: =A99 -> MJ3.02y
B88: H1.02.e | C88: =VLOOKUP($B88,[4]Codes!$A$1:$K$65536,2,FALSE) -> Response | E88: =VLOOKUP($B88,[4]Codes!$A$1:$K$65536,4,FALSE) -> Category option | F88: =VLOOKUP($B88,[4]Codes!$A$1:$K$65536,5,FALSE) -> 5 | K88: =VLOOKUP($B88,[4]Codes!$A$1:$K$65536,9,FALSE) -> Senior High School | M88: =VLOOKUP($B88,[4]Codes!$A$1:$K$65536,11,FALSE) -> Eskola Sekundario | N88: =A99 -> MJ3.02y
B89: H1.02.f | C89: =VLOOKUP($B89,[4]Codes!$A$1:$K$65536,2,FALSE) -> Response | E89: =VLOOKUP($B89,[4]Codes!$A$1:$K$65536,4,FALSE) -> Category option | F89: =VLOOKUP($B89,[4]Codes!$A$1:$K$65536,5,FALSE) -> 6 | K89: =VLOOKUP($B89,[4]Codes!$A$1:$K$65536,9,FALSE) -> University | M89: =VLOOKUP($B89,[4]Codes!$A$1:$K$65536,11,FALSE) -> Universidade | N89: =A115 -> MJ4.02
B90: H1.01.d | C90: =VLOOKUP($B90,[4]Codes!$A$1:$K$65536,2,FALSE) -> Response | E90: =VLOOKUP($B90,[4]Codes!$A$1:$K$65536,4,FALSE) -> Category option | F90: =VLOOKUP($B90,[4]Codes!$A$1:$K$65536,5,FALSE) -> 998 | K90: =VLOOKUP($B90,[4]Codes!$A$1:$K$65536,9,FALSE) -> Don't know | M90: =VLOOKUP($B90,[4]Codes!$A$1:$K$65536,11,FALSE) -> La hatene | N90: =A111 -> MJ4.01
A91: MJ3.02x | C91: Question | J91: [Select primary school class level]
B92: H1.02.g | C92: Response | E92: Category option | F92: 1 | K92: Class 1 | M92: Klasse 1 | N92: =A111 -> MJ4.01
B93: H1.02.h | C93: Response | E93: Category option | F93: 2 | K93: Class 2 | M93: Klasse 2 | N93: =A111 -> MJ4.01
B94: H1.02.h | C94: Response | E94: Category option | F94: 3 | K94: Class 3 | M94: Klasse 3 | N94: =A111 -> MJ4.01
B95: H1.02.g | C95: Response | E95: Category option | F95: 4 | K95: Class 4 | M95: Klasse 4 | N95: =A111 -> MJ4.01
B96: H1.02.h | C96: Response | E96: Category option | F96: 5 | K96: Class 5 | M96: Klasse 5 | N96: =A111 -> MJ4.01
B97: H1.02.h | C97: Response | E97: Category option | F97: 6 | K97: Class 6 | M97: Klasse 6 | N97: =A111 -> MJ4.01
B98: H1.01.d | C98: =VLOOKUP($B98,[4]Codes!$A$1:$K$65536,2,FALSE) -> Response | E98: =VLOOKUP($B98,[4]Codes!$A$1:$K$65536,4,FALSE) -> Category option | F98: =VLOOKUP($B98,[4]Codes!$A$1:$K$65536,5,FALSE) -> 998 | K98: =VLOOKUP($B98,[4]Codes!$A$1:$K$65536,9,FALSE) -> Don't know | M98: =VLOOKUP($B98,[4]Codes!$A$1:$K$65536,11,FALSE) -> La hatene | N98: =A111 -> MJ4.01
A99: MJ3.02y | C99: Question | J99: [Select class level]
B100: H1.02.g | C100: Response | E100: Category option | F100: 7 | K100: Class 1 | M100: Klasse 1
...
